 Dungeon Crawl Stone Soup version 0.31.0-1-g2c135a0 (webtiles) character file.

Game seed: 9187281642886805776

15502947 frustrationSimulator the Vine Stalker Barricade (level 27, 174/174 HPs)
             Began as a Vine Stalker Monk on Apr 18, 2024.
             Was the Champion of Wu Jian.
             Escaped with the Orb
             ... and 15 runes
             ... and 1 gem on Apr 19, 2024!
             The game lasted 07:27:20 (102678 turns).

frustrationSimulator (VSMo)                       Turns: 102678, Time: 07:27:20

Health: 174/174    AC: 50    Str: 22    XL:     27
Magic:  62/62      EV: 41    Int:  5    God:    Wu Jian [******]
Gold:   18074      SH: 44    Dex: 46    Spells: 74/76 levels left

rFire   + + +        w - +9 quick blade (protect)
rCold   + + .        g - +10 tower shield of Ignorance {rN+ Int-4}
rNeg    + . .        s - +15 Maxwell's patent armour {-Cast -Tele rElec Will+ rCorr}
rPois   +            O - +0 mask of the Dragon {Will+ Slay+3 SInv}
rElec   +            Y - +5 cloak "Weakait" {Regen+ Dex+2}
rCorr   +            x - +0 pair of fencer's gloves {Riposte Dex+3}
SInv    +            E - +2 pair of boots {rampage}
Will    +++++        R - amulet of Vitality {RegenMP++ Regen++} Stlth
                     e - ring of Ignis's Vengeance {rF+ Str+2 Dex+4}
HPRegen 3.69/turn    b - ring "Fioffimp" {rElec rC+ MP+9 Int+3 Slay+3}
MPRegen 1.18/turn

%: no teleportation, no spellcasting, guardian spirit, rampage
@: mighty, resistant, attractive, enlightened, flying, hasted, studying 4
skills, invisible, very quick
A: fangs 3, regeneration 1, magic shield, antimagic bite, no potion heal 2,
agile 2, fire resistance 1, strong 2, inability to drink after injury 1
0: Orb of Zot
}: 15/15 runes: barnacled, slimy, silver, golden, iron, obsidian, icy, bone,
abyssal, demonic, glowing, magical, fiery, dark, gossamer
a: Renounce Religion, Wall Jump, Serpent's Lash, Heavenly Storm


You escaped.
You worshipped Wu Jian.
Wu Jian was exalted by your worship.
You visited 17 branches of the dungeon, and saw 86 of its levels.
You visited Pandemonium 2 times, and saw 17 of its levels.
You visited the Abyss 6 times.
You visited 1 bazaar.
You completed 1 ziggurat, and saw 27 of its levels.
You also visited: Gauntlet and Ice Cave.

You collected 25542 gold pieces.
You spent 7468 gold pieces at shops.

Inventory:

Hand Weapons
 f - a +9 hand cannon of draining
 w - a +9 quick blade of protection (weapon)
 W - the +11 dagger of the Several Brambles {drain, rPois}
   (You found it on level 3 of the Dungeon)

   rPois:     It protects you from poison
Missiles
 n - a throwing net
 p - 22 curare-tipped darts (quivered)
Armour
 g - the +10 tower shield of Ignorance (worn) {rN+ Int-4}
   (You found it on level 3 of the Crypt)

   Int-4:     It affects your intelligence (-4).
   rN+:       It protects you from negative energy.
 s - the +15 Maxwell's patent armour (worn) {-Cast -Tele rElec Will+ rCorr}
   (You found it on level 17 of a ziggurat)

   rElec:     It insulates you from electricity.
   Will+:     It increases your willpower.
   -Cast:     It prevents spellcasting.
   -Tele:     It prevents most forms of teleportation.
   rCorr:     It protects you from acid and corrosion.
 x - the +0 pair of fencer's gloves (worn) {Riposte Dex+3}
   (You acquired it on level 2 of the Shoals)

   Riposte:   It allows the wearer to riposte with melee weapons, swiftly
   retaliating against missed or blocked melee attacks.
   Dex+3:     It affects your dexterity (+3).
 E - a +2 pair of boots of rampaging (worn)
 O - the +0 mask of the Dragon (worn) {Will+ Slay+3 SInv}
   (You acquired it on level 2 of the Shoals)

   Slay+3:    It affects your accuracy & damage with ranged weapons and melee
   (+3).
   Will+:     It increases your willpower.
   SInv:      It lets you see invisible.
 Y - the +5 cloak "Weakait" (worn) {Regen+ Dex+2}
   (You found it in a Gauntlet)

   Dex+2:     It affects your dexterity (+2).
   Regen+:    It increases your rate of health regeneration.
Jewellery
 b - the ring "Fioffimp" (right hand) {rElec rC+ MP+9 Int+3 Slay+3}
   (You bought it in a shop in a bazaar)

   [ring of protection from cold]

   Int+3:     It affects your intelligence (+3).
   Slay+3:    It affects your accuracy & damage with ranged weapons and melee
   (+3).
   rC+:       It protects you from cold.
   rElec:     It insulates you from electricity.
   MP+9:      It affects your magic capacity (+9).
 e - the ring of Ignis's Vengeance (left hand) {rF+ Str+2 Dex+4}
   (You found it on level 13 of the Dungeon)

   [ring of protection from fire]

   Str+2:     It affects your strength (+2).
   Dex+4:     It affects your dexterity (+4).
   rF+:       It protects you from fire.
 t - the ring of Balance {rC+ MP+9 Str+2}
   (You found it in Pandemonium)

   [ring of magical power]

   Str+2:     It affects your strength (+2).
   rC+:       It protects you from cold.
   MP+9:      It affects your magic capacity (+9).
 y - the ring of Xewnu {*Corrode rN+ Will+ MP+9 Stlth+}
   (You found it in Pandemonium)

   [ring of positive energy]

   rN+:       It protects you from negative energy.
   Will+:     It increases your willpower.
   MP+9:      It affects your magic capacity (+9).
   *Corrode:  It may corrode you when you take damage.
   Stlth+:    It makes you more stealthy.
 C - the necklace of Bloodlust {Fury *Rage Will++ Int-3 Slay+6}
   (You found it on level 3 of the Spider Nest)

   [amulet of nothing]

   Fury:      It extends the wearer's berserk rage when killing foes.
   Int-3:     It affects your intelligence (-3).
   Slay+6:    It affects your accuracy & damage with ranged weapons and melee
   (+6).
   Will++:    It greatly increases your willpower.
   *Rage:     It berserks you when you make melee attacks (+50% chance).
 R - the amulet of Vitality (around neck) {RegenMP++ Regen++}
   (You found it on level 14 of a ziggurat)

   [amulet of magic regeneration]

   RegenMP:   It increases your rate of magic regeneration.
   Regen++:   It increases your rate of health regeneration.
Wands
 r - a wand of acid (115)
 U - a wand of digging (34)
Scrolls
 d - a scroll of brand weapon
 h - 26 scrolls of fog
 k - 46 scrolls of teleportation
 m - 18 scrolls of fear
 v - a scroll of revelation
 G - 5 scrolls of silence
 T - 21 scrolls of blinking
Potions
 c - 9 potions of ambrosia
 i - 7 potions of enlightenment
 j - 17 potions of cancellation
 l - 9 potions of lignification
 o - 6 potions of magic
 q - 4 potions of resistance
 A - 9 potions of haste
 I - 9 potions of might
 J - 35 potions of curing
 L - 5 potions of invisibility
 M - 9 potions of attraction
 Q - 9 potions of mutation
Miscellaneous
 a - a lightning rod (4/4)
 u - the horn of Geryon
 F - a tin of tremorstones (2/2)
 H - a sack of spiders
 V - a phial of floods
 Z - a phantom mirror


   Skills:
 O Level 27 Fighting
 + Level 23.8(24.6) Short Blades
 - Level 11.0(18.8) Long Blades
 - Level 18.0 Ranged Weapons
 - Level 6.0 Throwing
 O Level 27 Armour
 O Level 27 Dodging
 O Level 27 Shields
 + Level 25.4 Spellcasting
 + Level 22.6 Evocations


You had 74 spell levels left.
You knew the following spells:

 Your Spells              Type           Power      Damage    Failure   Level
a - Blink                 Tloc           12%        N/A       22%         2

Your spell library contained the following spells:

 Spells                   Type           Power      Damage    Failure   Level
 Apportation              Tloc           12%        N/A       16%         1
 Foxfire                  Conj/Fire      24%        2x1d5     16%         1
 Freeze                   Ice            24%        1d4       16%         1
 Kiss of Death            Conj/Necr      24%        2d7       16%         1
 Magic Dart               Conj           24%        1d4       16%         1
 Necrotise                Necr           24%        1d5       16%         1
 Sandblast                Erth           12%        2d6       16%         1
 Shock                    Conj/Air       24%        1d4       16%         1
 Slow                     Hex            24%        N/A       16%         1
 Sting                    Conj/Alch      24%        1d4       16%         1
 Summon Small Mammal      Summ           24%        N/A       16%         1
 Call Imp                 Summ           12%        N/A       22%         2
 Cigotuvi's Dreadful Rot  Necr/Alch/Air  12%        N/A       22%         2
 Ensorcelled Hibernation  Hex/Ice        12%        N/A       22%         2
 Jinxbite                 Hex            12%        N/A       22%         2
 Lesser Beckoning         Tloc           12%        N/A       22%         2
 Mercury Vapours          Alch/Air       12%        N/A       22%         2
 Momentum Strike          Conj/Tloc      12%        3d8       22%         2
 Static Discharge         Conj/Air       12%        3-4/arc   22%         2
 Sublimation of Blood     Necr           6%         N/A       22%         2
 Call Canine Familiar     Summ           6%         N/A       41%         3
 Confusing Touch          Hex            6%         N/A       41%         3
 Dazzling Flash           Conj/Hex       12%        N/A       41%         3
 Frozen Ramparts          Ice            12%        1d2       41%         3
 Fugue of the Fallen      Necr           6%         N/A       41%         3
 Gell's Gravitas          Tloc           6%         N/A       41%         3
 Hailstorm                Conj/Ice       6%         3d5       41%         3
 Inner Flame              Hex/Fire       6%         N/A       41%         3
 Mephitic Cloud           Conj/Alch/Air  6%         N/A       41%         3
 Ozocubu's Armour         Ice            6%         N/A       41%         3
 Passwall                 Erth           6%         N/A       41%         3
 Sigil of Binding         Hex            6%         N/A       41%         3
 Stone Arrow              Conj/Erth      12%        3d7       41%         3
 Summon Ice Beast         Ice/Summ       6%         N/A       41%         3
 Swiftness                Air            6%         N/A       41%         3
 Teleport Other           Tloc           6%         N/A       41%         3
 Tukima's Dance           Hex            6%         N/A       41%         3
 Vampiric Draining        Necr           6%         2d6       41%         3
 Volatile Blastmotes      Fire/Tloc      12%        2d11      41%         3
 Airstrike                Air            3%         2d(1-17)  83%         4
 Anguish                  Hex/Necr       3%         N/A       83%         4
 Animate Armour           Summ/Erth      12%        N/A       83%         4
 Animate Dead             Necr           6%         N/A       83%         4
 Brom's Barrelling Bould  Conj/Erth      6%         2d3       83%         4
 Cause Fear               Hex            3%         N/A       83%         4
 Dimensional Bullseye     Hex/Tloc       3%         N/A       83%         4
 Dispel Undead            Necr           6%         3d8       83%         4
 Flame Wave               Conj/Fire      6%         2d5       83%         4
 Iskenderun's Mystic Bla  Conj/Tloc      6%         2d4       83%         4
 Leda's Liquefaction      Alch/Erth      3%         N/A       83%         4
 Manifold Assault         Tloc           6%         N/A       83%         4
 Martyr's Knell           Necr/Summ      6%         N/A       83%         4
 Olgreb's Toxic Radiance  Alch           6%         N/A       83%         4
 Passage of Golubria      Tloc           6%         N/A       83%         4
 Petrify                  Alch/Erth      6%         N/A       83%         4
 Sticky Flame             Fire/Alch      6%         2d4       83%         4
 Summon Blazeheart Golem  Fire/Summ      6%         N/A       83%         4
 Summon Lightning Spire   Summ/Air       6%         N/A       83%         4
 Vhi's Electric Charge    Tloc/Air       12%        N/A       83%         4
 Alistair's Intoxication  Alch           4%         N/A       99%         5
 Arcjolt                  Conj/Air       3%         1d13      99%         5
 Borgnjor's Vile Clutch   Necr/Erth      3%         N/A       99%         5
 Curse of Agony           Necr           6%         N/A       99%         5
 Fireball                 Conj/Fire      3%         3d4       99%         5
 Freezing Cloud           Conj/Ice/Air   3%         6-21      99%         5
 Irradiate                Conj/Alch      3%         3d12      99%         5
 Iskenderun's Battlesphe  Conj           6%         2d6       99%         5
 Lee's Rapid Deconstruct  Erth           3%         3d5*      99%         5
 Metabolic Englaciation   Hex/Ice        3%         N/A       99%         5
 Silence                  Hex/Air        3%         N/A       99%         5
 Summon Forest            Summ/Tloc      3%         N/A       99%         5
 Summon Mana Viper        Hex/Summ       6%         N/A       99%         5
 Yara's Violent Unravell  Hex/Alch       3%         3d4       99%         5
 Bombard                  Conj/Erth      3%         9d1       100%        6
 Conjure Ball Lightning   Conj/Air       3%         3x3d6     100%        6
 Death Channel            Necr           3%         N/A       100%        6
 Dispersal                Tloc           3%         N/A       100%        6
 Eringya's Noxious Bog    Alch           3%         4d6       100%        6
 Plasma Beam              Fire/Air       3%         2x1d13    100%        6
 Sculpt Simulacrum        Ice/Alch       3%         N/A       100%        6
 Starburst                Conj/Fire      3%         6d3       100%        6
 Summon Cactus Giant      Summ           3%         N/A       100%        6
 Enfeeble                 Hex            3%         N/A       100%        7
 Haunt                    Necr/Summ      3%         N/A       100%        7
 Malign Gateway           Summ/Tloc      3%         N/A       100%        7
 Ozocubu's Refrigeration  Ice            3%         4d8       100%        7
 Spellforged Servitor     Conj/Summ      3%         N/A       100%        7
 Summon Hydra             Summ           3%         N/A       100%        7
 Borgnjor's Revivificati  Necr           3%         N/A       100%        8
 Discord                  Hex            3%         N/A       100%        8
 Disjunction              Tloc           3%         N/A       100%        8
 Lehudib's Crystal Spear  Conj/Erth      3%         10d2      100%        8
 Maxwell's Capacitive Co  Air            3%         ∞         100%        8
 Summon Horrible Things   Summ           3%         N/A       100%        8
 Death's Door             Necr           3%         N/A       100%        9
 Dragon's Call            Summ           3%         N/A       100%        9


Dungeon Overview and Level Annotations

Branches:
Dungeon (15/15)            Temple (0/1) D:6            Lair (5/5) D:11
 Shoals (4/4) Lair:2       Spider (4/4) Lair:3        Slime (5/5) Lair:5
    Orc (2/2) D:12            Elf (3/3) Orc:2        Vaults (5/5) D:14
  Crypt (3/3) Vaults:3       Tomb (3/3) Crypt:3      Depths (4/4) D:15
   Hell (visited)             Dis (7/7) Hell            Geh (7/7) Hell
    Coc (7/7) Hell            Tar (7/7) Hell            Zot (5/5) Depths:4
  IceCv (visited)         Gauntlet (visited)

Altars:
Ashenzari
Cheibriados
Dithmenos
Elyvilon
Fedhas
Gozag
Hepliaklqana
Kikubaaqudgha
Makhleb
Nemelex Xobeh
Okawaru
Ru
Sif Muna
Trog
Uskayaw
Wu Jian
Yredelemnul
Zin
The Shining One
Jiyva
Lugonu

Shops:
D:2 (   D:3 :=[(   D:7 [   D:10 :   Orc:2 [=([   Elf:1 **   Shoals:1 :
Vaults:3 !   Vaults:5 !??   Zot:5 *   Depths:3 [?

Portals:
Hell: Depths:1 Depths:2 Depths:3 Depths:4
Abyss: Depths:3
Pandemonium: Depths:2

Annotations:
Zot:3 4 transporters


Innate Abilities, Weirdness & Mutations

You have razor-sharp teeth.
Your natural rate of healing is unusually fast.
When hurt, damage is shared between your health and your magic reserves.
Your bite disrupts and absorbs the magic of your enemies.
Potions cannot restore your health.
You are very agile. (Dex +8, Str/Int -2)
Your flesh is heat resistant. (rF+)
Your muscles are very strong. (Str +8, Int/Dex -2)
You occasionally lose the ability to drink potions when taking damage.


Message History

You drain its magic. You puncture the soul eater!
You kill the soul eater!
The Council accepts your kill.
What level of the Dungeon? (default 1, ? - help)
There is a stone staircase leading up here.
You climb upwards.
There is a stone staircase leading down here.
There is an open door here.
There is an open door here.
There is an open door here.
There is a stone staircase leading up here.
You climb upwards.
There is a stone staircase leading down here.
There is a stone staircase leading up here.
You climb upwards.
There is a stone staircase leading down here.
You see here a +0 club.
There is a stone staircase leading up here.
You climb upwards.
There is a stone staircase leading down here.
Okay, then.
There is a large open door here.
There is a large open door here.
There is an open door here.
There is a staircase leading out of the dungeon here.
You feel very mighty all of a sudden.
You feel yourself speed up.
You feel protected.
You fade into invisibility!
You feel very buoyant.
You fly up into the air.
You feel attractive to monsters. What are your orders? t - Shout!
Orders for allies: a - Attack new target. r - Retreat! s - Stop attacking. g - Guard the area. f - Follow me.
Anything else - Cancel.
You shout for attention!
You have escaped!

......#|.......''..''...♣8♣...++.
......#......#≈###.##...~♣~...##.
......#......#≈#~#.8#...[.....#8.
......#......#≈♣♣8.#♣~.......~♣#.
...####......#≈#~#.##♣♣.....♣♣##.
#######......#≈###'######'######+
#.....'......#≈#8..[8##8#'#8##8..
#.#####......#≈#.....'.......'...
#.#####......# #@...8####8####8..
#........#...# ####### #~♣~# ####
+........#>..# ## ## ≈≈≈≈
#........#.### ### .........#.#
.........#.# .........#.#
.........#.# .........#.#


There were no monsters in sight!

Vanquished Creatures
  Cerebov (Pan)
  Antaeus (Coc:7)
  Asmodeus (Geh:7)
  the Royal Jelly (Slime:5)
  Mnoleg (Pan)
  Ereshkigal (Tar:7)
  Gloorx Vloq (Pan)
  Lom Lobon (Pan)
  the Serpent of Hell (Geh:7)
  Dispater (Dis:7)
  Khufu (Tomb:3)
  9 dread liches
  3 orbs of fire (Zot:5)
  10 ancient liches
  Tiamat (Zot:1)
  Frederick (Depths:3)
  The ghost of ww7 the Maledictor, a legendary HOEn of Dithmenos (Zot:5)
  Mennas (Vaults:3)
  12 pandemonium lords
  4 juggernauts
  35 royal mummies
  3 Killer Klowns (Zot:5)
  26 shard shrikes
  Saint Roka (Vaults:2)
  34 caustic shrikes
  2 curse toes (Zot:5)
  11 golden dragons
  Geryon (Hell)
  30 profane servitors
  The ghost of Pevengi the Destroyer, an adept DgCj (Zot:2)
  Jory (Vaults:2)
  7 pearl dragons (Zig:16)
  22 bone dragons
  Arachne (Spider:4)
  4 electric golems
  16 iron giants
  19 Brimstone Fiends
  10 doom hounds
  A spectral shard shrike (Tar:6)
  22 Tzitzimimeh
  52 Hell Sentinels
  15 hellephants
  16 tentacled monstrosities
  44 Ice Fiends
  26 Orb Guardians
  A walking crystal tome (Zig:26)
  Mlioglotl (Shoals:3)
  20 tainted leviathans
  Zenata (Elf:2)
  10 deep elf blademasters
  12 liches
  24 acid blobs
  45 Executioners
  12 death cobs
  11 sphinxes
  18 searing wretches
  17 deep elf master archers
  8 quicksilver dragons
  Murray (Depths:1)
  19 titans
  Frances (Shoals:2)
  32 ancient champions
  43 tentacled starspawn
  11 shadow dragons
  5 tengu reavers
  Donald (Shoals:2)
  10 storm dragons
  6 revenants
  3 fenstrider witches
  Roxanne (Spider:2)
  3 daevas (Zig:16)
  15 nagarajas
  Aizul (Spider:3)
  9 rockslimes
  17 demonspawn warmongers
  16 azure jellies
  6 draconian monks
  21 narguns
  5 draconian knights
  5 protean progenitors
  Ilsuiw (Shoals:3)
  16 fire giants
  8 frost giants
  20 ghost moths
  10 emperor scorpions
  9 quicksilver elementals
  17 vault wardens
  4 draconian shifters
  3 spectral juggernauts
  12 deep elf sorcerers
  58 balrugs
  Louise (Spider:2)
  8 shard shrike simulacra
  3 curse skulls
  4 iron dragons
  2 draconian scorchers (Depths:4)
  3 angels
  2 deep elf elementalists
  3 spectral caustic shrikes
  32 reapers
  17 demonspawn blood saints
  2 orc warlords
  3 juggernaut skeletons (Pan)
  8 ophanim (Zig:16)
  19 demonspawn corrupters
  12 quicksilver oozes
  31 very ugly things
  6 draconian annihilators
  6 caustic shrike skeletons
  26 cacodemons
  7 broodmothers
  The ghost of ShutUppercut the Imperceptible, an adept SpEn of Kikubaaqudgha (Shoals:2)
  14 ironbound preservers
  3 formless jellyfish
  23 stone giants
  6 deep elf death magi
  8 ghouls
  11 green draconians
  10 ironbound thunderhulks
  21 elemental wellsprings
  8 bennus
  12 deep elf demonologists
  3 apis (Zig:16)
  5 vampire knights
  17 demonspawn black suns
  23 putrid mouths
  18 lorocyprocas
  15 deep elf annihilators
  A spectral titan (Tar:4)
  32 war gargoyles
  26 wendigos
  15 spark wasps
  8 black draconians
  10 yellow draconians
  11 white draconians
  7 eidola
  A minotaur (Gauntlet)
  25 green deaths
  11 red draconians
  10 dire elephants
  15 merfolk javelineers
  23 iron golems
  22 blizzard demons
  5 crystal guardians
  14 purple draconians
  18 merfolk impalers
  A spectral golden dragon (Tar:2)
  An acid blob zombie (Crypt:2)
  12 ettins
  2 spectral quicksilver dragons
  10 fire dragons
  3 spectral spriggans
  35 mummy priests
  15 entropy weavers
  3 spectral krakens (Tar:7)
  17 hydras
  18 jiangshi
  6 deep elf high priests
  A spectral fenstrider witch (Tar:2)
  2 spriggan zombies
  10 great orbs of eyes
  40 vault guards
  19 yaktaur captains
  9 rakshasas
  11 ice dragons
  22 salamander tyrants
  10 hell beasts
  5 peacekeepers
  Erolcha (D:13)
  4 jorogumos
  6 caustic shrike simulacra
  4 spriggan air magi
  2 radroaches
  An anaconda (shapeshifter) (Vaults:5)
  6 death knights
  6 ironbound frosthearts
  7 stokers
  3 ogre magi
  14 satyrs
  5 anacondas
  15 boulder beetles
  58 dancing weapons
  6 catoblepae
  12 centaur warriors
  A spectral stone giant (Tar:1)
  2 deep troll shamans
  10 merfolk aquamancers
  5 two-headed ogres
  2 alligator snapping turtles
  14 juggernaut simulacra
  108 death scarabs
  11 death yaks
  2 spriggan skeletons
  7 vampire magi
  5 merfolk avatars
  5 tengu warriors
  2 naga warriors (Zig:21)
  4 deep troll earth magi
  46 hell hogs
  6 orc high priests
  25 demonic crawlers
  45 thrashing horrors
  12 naga sharpshooters
  3 spectral emperor scorpions (Pan)
  A titan zombie (Tomb:3)
  10 spriggan berserkers
  7 shock serpents
  20 deep elf knights
  25 soul eaters
  6 hell knights
  17 shadow wraiths
  35 wretched stars
  113 sun demons
  An occultist (Abyss:3)
  Amaemon (D:8)
  11 crystal echidnas
  A titan skeleton (Tomb:3)
  Sonja (Orc:2)
  3 hellephant skeletons (Pan)
  An iron troll (Depths:3)
  Nergalle (D:11)
  15 skysharks
  5 pharaoh ants
  2 salamander mystics
  3 sea snakes (shapeshifter)
  41 skeletal warriors
  A fire crab (Zig:23)
  21 sea snakes
  24 sixfirhies
  4 cherubim
  8 arcanists
  5 mana vipers
  3 naga ritualists (Zig:21)
  4 quicksilver dragon simulacra
  10 glowing orange brains
  An orb spider (shapeshifter) (Vaults:5)
  A storm dragon skeleton (Crypt:2)
  10 orb spiders
  10 flayed ghosts
  15 spatial maelstroms
  21 ironbound convokers
  18 lindwurms
  2 spectral anacondas
  4 obsidian statues
  6 steelbarb worms
  5 bog bodies
  3 anaconda zombies
  2 spriggan simulacra
  21 deep elf archers
  21 shadow demons
  5 spriggan druids
  57 deep trolls
  A fenstrider witch simulacrum (Coc:1)
  3 deep trolls (shapeshifter)
  An orange crystal statue (Zig:2)
  17 sun moths
  An alligator zombie (Hell)
  17 orc knights
  A bunyip skeleton (Tomb:2)
  25 phantasmal warriors
  26 deep elf pyromancers
  10 harpies
  27 deep elf zephyrmancers
  169 starcursed masses
  A broodmother zombie (Crypt:1)
  2 anaconda skeletons (Crypt:1)
  4 orc sorcerers
  47 ugly things
  7 necromancers
  23 wolf spiders
  24 fauns
  7 oklob plants
  25 manticores
  7 worldbinders
  12 cyclopes
  2 alligator skeletons
  10 shining eyes
  3 spectral ettins
  7 will-o-the-wisps
  14 merfolk sirens
  A spectral alligator snapping turtle (Shoals:2)
  A spectral centaur (D:12)
  A moth of wrath (shapeshifter) (D:15)
  7 apocalypse crabs
  4 centaur zombies
  4 salamanders
  2 human skeletons (Vaults:3)
  13 kobold blastminers
  8 eyes of devastation
  16 meliai
  30 moths of wrath
  17 vault sentinels
  9 rust devils
  28 black mambas
  20 elephants
  5 guardian serpents (Zig:21)
  7 naga magi
  22 water nymphs
  4 titan simulacra
  64 smoke demons
  91 large abominations
  5 gargoyles
  26 cane toads
  8 ice statues
  14 molten gargoyles
  16 torpor snails
  26 orange demons
  A sea snake zombie (Hell)
  2 unseen horrors (Abyss:3)
  An unseen horror (shapeshifter) (Abyss:3)
  33 hellions
  A yellow draconian zombie (Crypt:2)
  18 komodo dragons
  11 anaconda simulacra
  2 centaur skeletons
  2 spectral water nymphs (Shoals:2)
  Jeremiah (D:8)
  Maggie (D:6)
  A dire elephant skeleton (Tomb:3)
  5 kobold demonologists
  11 efreet
  9 spectral swamp worms (Tar:7)
  62 yaktaurs
  3 bunyip simulacra
  52 guardian mummies
  14 ice devils
  19 tormentors
  15 freezing wraiths
  A sea snake skeleton (Hell)
  2 rime drakes
  12 red devils
  4 spectral nagas
  A tengu conjurer (Depths:1)
  A spectral merfolk (Shoals:2)
  A death yak skeleton (Crypt:1)
  4 silent spectres
  2 golden dragon simulacra
  3 spectral harpies
  A death drake zombie (Crypt:1)
  2 bloated husks
  A merfolk (shapeshifter) (Vaults:5)
  2 hydra zombies
  37 merfolk
  12 polar bears
  13 trolls
  35 hellwings
  23 ancient zymes
  19 hornets
  A spectral manticore (Shoals:2)
  3 tyrant leeches (Lair:5)
  An alligator simulacrum (Hell)
  9 saltlings (Orc:2)
  7 wind drakes
  9 glass eyes
  A harpy skeleton (Tomb:3)
  20 raiju
  10 snapping turtles
  33 tarantellas
  A tarantella zombie (Crypt:2)
  2 hydra skeletons (Hell)
  A spectral wind drake (Shoals:2)
  38 blink frogs
  12 dream sheep
  A stone giant simulacrum (Coc:1)
  15 water elementals
  4 air elementals
  95 slime creatures
  A black mamba zombie (Tomb:2)
  20 jumping spiders
  6 naga simulacra
  6 shadows
  10 wyverns
  2 vampires (Abyss:3)
  12 wraiths
  2 centaur simulacra (Coc:2)
  52 ynoxinuls
  A spriggan (shapeshifter) (Zig:26)
  54 small abominations
  24 culicivoras
  6 dire elephant simulacra
  4 fire elementals
  25 yaks
  4 spriggans
  9 ushabtiu
  A black mamba skeleton (Tomb:3)
  2 alligator snapping turtle simulacra
  Grum (D:8)
  35 neqoxecs
  5 golden eyes
  85 redbacks
  7 basilisks
  9 wargs
  13 vampire mosquitoes
  24 chaos spawn
  14 harpy simulacra
  13 spatial vortices
  11 nagas
  A naga zombie (Tomb:1)
  An acid dragon (D:12)
  5 hydra simulacra
  A spectral snapping turtle (Shoals:2)
  A glowing shapeshifter skeleton (Crypt:1)
  40 hell hounds
  25 water moccasins
  2 naga skeletons
  A sky beast (Abyss:3)
  A black bear (shapeshifter) (Zig:25)
  A demonspawn skeleton (Crypt:1)
  55 laughing skulls
  6 ettin simulacra
  28 orc warriors
  12 black bears
  A satyr simulacrum (Shoals:2)
  19 wolves
  A manticore skeleton (Crypt:1)
  2 ogres
  8 boggarts
  A snapping turtle skeleton (Crypt:1)
  23 centaurs
  A lemure (Pan)
  A blink frog skeleton (Crypt:1)
  A phantom (D:5)
  8 weeping skulls (Abyss:3)
  4 kobold brigands
  14 bullfrogs
  7 brain worms
  10 earth elementals
  3 gnoll sergeants
  A cane toad simulacrum (IceCv)
  A merfolk simulacrum (Shoals:2)
  2 two-headed ogre simulacra (IceCv)
  8 necrophages
  2 scorpions
  9 wights
  An ogre simulacrum (Vaults:3)
  4 burial acolytes (Crypt:3)
  6 killer bees (D:10)
  3 electric eels (Elf:3)
  A yak skeleton (Crypt:2)
  3 howler monkeys
  2 crimson imps
  A lava snake (Zig:24)
  3 hounds
  3 jellies
  A wolf skeleton (Crypt:2)
  5 quasits
  18 orc priests
  A sleepcap (D:6)
  Jessica (D:3)
  4 hell rats
  2 boggart zombies
  3 iguanas
  An iron imp (Pan)
  18 orc wizards
  A boggart skeleton (D:12)
  A polar bear simulacrum (IceCv)
  65 mummies
  A howler monkey zombie (Crypt:2)
  9 adders
  18 gnolls
  A shadow imp (D:6)
  6 white imps
  15 ufetubi
  A dart slug (D:5)
  5 ribbon worms
  82 orcs
  8 ball pythons
  7 endoplasms
  2 giant cockroaches
  9 goblins
  4 hobgoblins
  2 jackals (D:1)
  5 bats
  A bombardier beetle zombie (Crypt:2)
  2 frilled lizards (D:3)
  11 kobolds
  A quokka skeleton (Crypt:1)
  2 rats
  A rat zombie (Crypt:2)
  4 aspiring fleshes (Pan)
  A butterfly (Lair:5)
  3 creeping infernos
  8 fire vortices
  2 foxfires (Zig:9)
  6 lurking horrors
  A spectral weapon (Elf:2)
  40 starspawn tentacles
  3 tentacles (Tar:7)
5807 creatures vanquished.

Vanquished Creatures (others)
  A hellephant (Geh:1)
  A lich (Depths:1)
  Asterion (Elf:2)
  A deep elf blademaster (Zig:25)
  A nagaraja (Zig:11)
  A balrug (Pan)
  A cacodemon (Pan)
  2 demonspawn blood saints (Pan)
  An elemental wellspring (Coc:2)
  A wendigo (Coc:2)
  3 caustic shrike simulacra
  2 juggernaut simulacra
  A catoblepas (Zig:23)
  A death scarab (Zig:2)
  A hell hog (Geh:1)
  2 deep elf knights (Elf:1)
  A wretched star (Abyss:3)
  A sun demon (Pan)
  2 spriggan simulacra
  An ironbound convoker (Vaults:4)
  A deep elf zephyrmancer (Elf:2)
  A cyclops (Shoals:4)
  A manticore (Shoals:4)
  A vault sentinel (Vaults:4)
  A torpor snail (Zig:19)
  A yaktaur (Zig:27)
  3 tormentors (Pan)
  A hellion (Geh:1)
  A raiju (Abyss:3)
  A centaur simulacrum (Coc:1)
  A wyvern (Zig:8)
  A neqoxec (Pan)
  A harpy simulacrum (Coc:2)
  2 chaos spawn
  A water moccasin (Zig:23)
  2 small abominations (Abyss:3)
  3 ball lightnings (Pan)
  16 foxfires
  A lurking horror (Abyss:3)
  50 starspawn tentacles
  11 tentacles (Tar:7)
127 creatures vanquished.

Grand Total: 5934 creatures vanquished

Notes
Turn   | Place    | Note
-------+----------+-------------------------------------------
     0 | D:1      | frustrationSimulator the Vine Stalker Monk began the quest
                  | for the Orb.
     0 | D:1      | Reached XP level 1. HP: 11/11 MP: 2/2
   371 | D:1      | Reached XP level 2. HP: 16/16 MP: 3/3
  1006 | D:2      | Reached XP level 3. HP: 5/20 MP: 1/4
  1162 | D:2      | Reached XP level 4. HP: 25/25 MP: 5/5
  1423 | D:2      | Found Otzorej's Weapon Shop.
  1488 | D:3      | Found Teebemo's Jewellery Shoppe.
  1617 | D:3      | Found Sutot's Weapon Boutique.
  1625 | D:3      | Identified the +11 dagger of the Several Brambles {drain,
                  | rPois}
  1686 | D:3      | Noticed Jessica
  1691 | D:3      | Killed Jessica
  1728 | D:3      | Reached XP level 5. HP: 28/29 MP: 6/6
  1749 | D:3      | Found Zeakhig's Armour Shoppe.
  1811 | D:3      | Found an ornate altar of the Wu Jian Council.
  1825 | D:3      | Became a worshipper of the Wu Jian Council
  1825 | D:3      | Reached * piety under Wu Jian
  1825 | D:3      | Reached ** piety under Wu Jian
  1866 | D:3      | Found Onnolu's Book Emporium.
  2154 | D:3      | Found a blossoming altar of Fedhas.
  2823 | D:4      | Reached XP level 6. HP: 34/34 MP: 7/7
  3108 | D:4      | Found an ancient bone altar of Kikubaaqudgha.
  3356 | D:5      | Entered Level 5 of the Dungeon
  3375 | D:4      | Reached skill level 5 in Fighting
  3375 | D:4      | Reached skill level 5 in Short Blades
  3412 | D:5      | Reached XP level 7. HP: 39/39 MP: 6/8
  3462 | D:5      | Found a hide-covered altar of Uskayaw.
  3465 | D:5      | Found a burning altar of Makhleb.
  3896 | D:5      | Found a hazy altar of Hepliaklqana.
  3897 | D:5      | Found a shadowy altar of Dithmenos.
  3897 | D:5      | Noticed a shadow
  3944 | D:6      | Reached *** piety under Wu Jian
  4028 | D:6      | Found an opulent altar of Gozag.
  4033 | D:6      | Gained mutation: You have razor-sharp teeth. [Vine Stalker
                  | growth]
  4033 | D:6      | Reached XP level 8. HP: 37/44 MP: 7/9
  4076 | D:6      | Found an ancient bone altar of Kikubaaqudgha.
  4363 | D:6      | Found a staircase to the Ecumenical Temple.
  4414 | D:6      | Noticed Maggie
  4422 | D:6      | Killed Maggie
  4804 | D:7      | Reached XP level 9. HP: 36/49 MP: 5/10
  5066 | D:7      | Found Buedwes's Antique Armour Emporium.
  5072 | D:7      | Bought a pair of embroidered gloves for 135 gold pieces
  5127 | D:7      | Found a glowing silver altar of Zin.
  5204 | D:7      | Found an opulent altar of Gozag.
  5348 | D:7      | Found a glowing golden altar of the Shining One.
  6025 | D:8      | Noticed Amaemon
  6025 | D:8      | Noticed an orange demon
  6056 | D:8      | Killed Amaemon
  6063 | D:8      | Killed an orange demon
  6168 | D:8      | Found a snail-covered altar of Cheibriados.
  6205 | D:8      | Noticed Grum
  6209 | D:8      | Killed Grum
  6213 | D:8      | Reached XP level 10. HP: 49/58 MP: 3/11
  6215 | D:8      | Found a sacrificial altar of Ru.
  6369 | D:8      | Found a bloodstained altar of Trog.
  6385 | D:8      | Noticed Jeremiah
  6390 | D:8      | Killed Jeremiah
  6719 | D:9      | Noticed a meliai
  6727 | D:9      | Killed a meliai
  6727 | D:9      | Reached skill level 10 in Fighting
  6727 | D:9      | Reached skill level 10 in Short Blades
  6738 | D:9      | Noticed a meliai
  6739 | D:9      | Noticed a meliai
  6747 | D:9      | Killed a meliai
  6747 | D:9      | Reached skill level 1 in Shields
  6748 | D:9      | Killed a meliai
  6749 | D:9      | Reached skill level 1 in Ranged Weapons
  6749 | D:9      | Reached skill level 1 in Armour
  6847 | D:9      | Noticed a purple ugly thing
  6849 | D:9      | Noticed a cyclops
  6853 | D:9      | Noticed a deep elf pyromancer
  6864 | D:9      | Killed a purple ugly thing
  6875 | D:9      | Killed a cyclops
  6903 | D:9      | Noticed a manticore
  6927 | D:9      | Killed a deep elf pyromancer
  6929 | D:9      | Killed a manticore
  6930 | D:9      | Reached XP level 11. HP: 64/64 MP: 8/12
  7115 | D:9      | Noticed a two-headed ogre
  7117 | D:9      | Reached **** piety under Wu Jian
  7123 | D:9      | Killed a two-headed ogre
  7124 | D:9      | Reached skill level 1 in Evocations
  7172 | D:9      | Found a sparkling altar of Nemelex Xobeh.
  7205 | D:9      | Found a broken altar of Ashenzari.
  7801 | D:10     | Entered Level 10 of the Dungeon
  7810 | D:10     | Found an iron altar of Okawaru.
  8532 | D:10     | Found Xoujiw's Book Boutique.
  8574 | D:10     | Reached skill level 5 in Shields
  8792 | D:11     | Noticed Nergalle
  8802 | D:11     | Killed Nergalle
  8803 | D:11     | Reached skill level 1 in Spellcasting
  9109 | D:11     | Noticed a boulder beetle
  9125 | D:11     | HP: 1/64 [centaur/arrow (9)]
  9132 | D:11     | HP: 2/64 [boulder beetle (7)]
  9269 | D:11     | Noticed a cyclops
  9283 | D:11     | Killed a cyclops
  9515 | D:11     | Found a staircase to the Lair.
  9626 | D:11     | Killed a boulder beetle
  9627 | D:11     | Reached XP level 12. HP: 46/69 MP: 8/16
 10025 | Lair:1   | Entered Level 1 of the Lair of Beasts
 10809 | Lair:1   | Reached skill level 5 in Dodging
 11234 | Lair:2   | Noticed a catoblepas
 11270 | Lair:2   | Reached skill level 5 in Ranged Weapons
 11420 | Lair:2   | Noticed an eight-headed hydra
 11425 | Lair:2   | Killed an eight-headed hydra
 11642 | Lair:2   | Killed a catoblepas
 11898 | Lair:2   | Reached XP level 13. HP: 51/74 MP: 2/20
 12441 | Lair:2   | Found a staircase to the Shoals.
 12639 | Lair:3   | Found a hole to the Spider Nest.
 12855 | Lair:3   | Reached ***** piety under Wu Jian
 12993 | Lair:3   | Reached skill level 5 in Armour
 14018 | D:3      | Bought a scarf of resistance for 384 gold pieces
 14369 | Lair:4   | Reached skill level 5 in Evocations
 14471 | Lair:4   | Reached skill level 5 in Spellcasting
 15189 | Lair:5   | Entered Level 5 of the Lair of Beasts
 15338 | Lair:5   | Found a viscous altar of Jiyva.
 15426 | Lair:5   | Reached XP level 14. HP: 70/80 MP: 0/23
 16336 | Lair:5   | Noticed a dire elephant
 16366 | Lair:5   | Killed a dire elephant
 16939 | Lair:5   | Reached XP level 15. HP: 53/85 MP: 12/27
 17347 | D:12     | Found a staircase to the Orcish Mines.
 17399 | D:12     | Found a frozen archway.
 17414 | IceCv    | Entered an ice cave
 18146 | D:12     | Reached ****** piety under Wu Jian
 18170 | D:12     | Identified the +1 robe "Jebast" {+Blink}
 19196 | Orc:1    | Entered Level 1 of the Orcish Mines
 19320 | Orc:2    | Entered Level 2 of the Orcish Mines
 19324 | Orc:2    | Noticed an orc warlord
 19329 | Orc:2    | Found a gate leading to a gauntlet.
 19338 | Gauntlet | Entered a Gauntlet
 19338 | Gauntlet | Found a transporter.
 19352 | Gauntlet | Found a transporter.
 19369 | Gauntlet | Found a transporter.
 19373 | Gauntlet | Found a transporter.
 19394 | Gauntlet | Found a transporter.
 19406 | Gauntlet | Found a runed translucent gate.
 19407 | Gauntlet | Found a transporter.
 19407 | Gauntlet | Found a runed translucent gate.
 19408 | Gauntlet | Found a runed translucent gate.
 19414 | Gauntlet | Found a transporter.
 19418 | Gauntlet | Found a transporter.
 19441 | Gauntlet | Found a transporter.
 19470 | Gauntlet | Found a transporter.
 19470 | Gauntlet | Found a transporter.
 19475 | Gauntlet | Found a transporter.
 19612 | Gauntlet | Identified the ring of Beauty {EV+5 Str-3 Int+5}
 19619 | Gauntlet | Identified the amulet of Interdependent Arising {Regen+
                  | Stlth+}
 19660 | Gauntlet | Identified the +5 cloak "Weakait" {Regen+ Dex+2}
 19704 | Gauntlet | Identified the +8 bardiche "Kores" {elec, rN+ Stlth+}
 19809 | Orc:1    | Reached skill level 10 in Shields
 20140 | Orc:2    | Killed an orc warlord
 20194 | Orc:2    | Noticed Sonja
 20198 | Orc:2    | Killed Sonja
 20216 | Orc:2    | Found Nuallib's Antique Armour Shoppe.
 20242 | Orc:2    | Found Maq Xef's Jewellery Shoppe.
 20245 | Orc:2    | Found Lekhlyh's Weapon Shoppe.
 20465 | Orc:2    | Found Yphiybue's Armour Shop.
 20707 | Orc:2    | Found a staircase to the Elven Halls.
 20826 | Orc:2    | Bought a masterwork chain mail for 342 gold pieces
 20826 | Orc:2    | Identified the +11 chain mail of the Skies Above {^Contam
                  | rElec rN+ rCorr} (You bought it in a shop on level 2 of the
                  | Orcish Mines)
 20826 | Orc:2    | Bought a pair of jewelled gloves for 342 gold pieces
 20826 | Orc:2    | Identified the +0 pair of gloves of Ybes {Dex+5} (You
                  | bought it in a shop on level 2 of the Orcish Mines)
 21358 | D:13     | Got Gyaczu's Handbook of Glacial Relocation
 21446 | D:13     | Reached XP level 16. HP: 91/91 MP: 29/29
 21701 | D:13     | Found a transporter.
 21701 | D:13     | Found a corrupted altar of Lugonu.
 21886 | D:13     | Found a transporter.
 21896 | D:13     | Noticed Erolcha
 21910 | D:13     | Killed Erolcha
 21974 | D:13     | Identified the ring of Ignis's Vengeance {rF+ Str+2 Dex+4}
 22589 | D:14     | Found a gate to the Vaults.
 23036 | D:15     | Entered Level 15 of the Dungeon
 23246 | D:15     | Reached skill level 10 in Spellcasting
 23253 | D:15     | Found a staircase to the Depths.
 23499 | D:15     | Identified the +6 short sword of Jilluk {freeze, Int+5
                  | SInv}
 23601 | D:15     | Identified the beast talisman of Quantum Leap {+Blink rF-
                  | rC- Slay+5}
 24156 | Shoals:1 | Entered Level 1 of the Shoals
 24337 | Shoals:1 | Found Pevobbeo's Vocational Training.
 24542 | Shoals:1 | Reached XP level 17. HP: 89/97 MP: 32/32
 24963 | Shoals:2 | Noticed Donald
 25000 | Shoals:2 | Killed Donald
 25450 | Shoals:2 | Noticed Frances
 25469 | Shoals:2 | Reached skill level 10 in Dodging
 25477 | Shoals:2 | Killed Frances
 25484 | Shoals:2 | Reached skill level 10 in Armour
 25551 | Shoals:2 | Found a runed translucent gate.
 25551 | Shoals:2 | Found a runed translucent gate.
 25551 | Shoals:2 | Found a runed translucent gate.
 25629 | Shoals:2 | Noticed ShutUppercut's ghost (adept SpEn)
 25675 | Shoals:2 | Found a runed translucent door.
 25676 | Shoals:2 | Identified the +10 falchion "Beuqikosh" {pain, +Blink}
 25676 | Shoals:2 | Identified the +5 leather armour "Yrijer" {rC+ Will+ SInv}
 25876 | Shoals:2 | Acquired the +0 mask of the Dragon {Will+ Slay+3 SInv}
 25876 | Shoals:2 | Found the +0 mask of the Dragon {Will+ Slay+3 SInv}
 25920 | Shoals:2 | Acquired the +0 pair of fencer's gloves {Riposte Dex+3}
 25920 | Shoals:2 | Found the +0 pair of fencer's gloves {Riposte Dex+3}
 26071 | Shoals:2 | Identified the +4 arbalest of Waeppi {freeze, rCorr MP+9}
 26592 | Shoals:3 | Noticed Ilsuiw
 26614 | Shoals:3 | Killed Ilsuiw
 26875 | Shoals:3 | Noticed Mlioglotl
 26877 | Shoals:3 | Noticed a bone dragon
 26884 | Shoals:3 | Killed Mlioglotl
 27176 | Shoals:4 | Entered Level 4 of the Shoals
 27414 | Shoals:4 | Identified the +5 morningstar "Huampuim" {drain, rElec
                  | Str+3}
 27448 | Shoals:4 | Reached XP level 18. HP: 103/103 MP: 33/33
 27452 | Shoals:4 | Reached skill level 15 in Fighting
 27459 | Shoals:4 | Reached skill level 10 in Evocations
 27465 | Shoals:4 | Identified the ring "Wiehax" {Str+6 Dex-2 Slay+5 SInv}
 27589 | Shoals:4 | Identified the ring of Lentuang {rCorr Str+6 Int-2 Dex+5}
 27818 | Shoals:4 | Got a barnacled rune of Zot
 27853 | Shoals:4 | Got the Compilation of Cleavage and Combustion
 28284 | Spider:1 | Entered Level 1 of the Spider Nest
 29245 | Spider:2 | Noticed Roxanne
 29385 | Spider:2 | Killed Roxanne
 29442 | Spider:2 | Found the amulet of the Air {Inacc Air Fly rElec RMsl}
 29662 | Spider:2 | Reached skill level 10 in Ranged Weapons
 29839 | Spider:2 | Noticed Louise
 29859 | Spider:2 | Killed Louise
 30011 | Spider:3 | Identified the serpent talisman of Kegecy {rF+ Will++ Str+3
                  | Int+3}
 30043 | Spider:3 | Reached XP level 19. HP: 109/109 MP: 34/34
 30239 | Spider:3 | Found the necklace of Bloodlust {Fury *Rage Will++ Int-3
                  | Slay+6}
 30240 | Spider:3 | Identified the serpent talisman of Gehenna {Int+3}
 30240 | Spider:3 | Noticed Aizul
 30255 | Spider:3 | Killed Aizul
 31078 | Spider:3 | Identified the +0 robe of Viryt {Fly Int-5 Dex+6}
 31413 | Spider:4 | Entered Level 4 of the Spider Nest
 31546 | Spider:4 | Noticed Arachne
 31560 | Spider:4 | Killed Arachne
 32517 | Spider:4 | Identified the +3 hat of the Bulwark {Int-3 Dex+3 Stlth+}
 32527 | Spider:4 | Got a gossamer rune of Zot
 32923 | Vaults:1 | Entered Level 1 of the Vaults
 33442 | Vaults:1 | Reached XP level 20. HP: 116/116 MP: 35/35
 34612 | Vaults:2 | Noticed Jory
 34623 | Vaults:2 | Killed Jory
 35902 | Vaults:3 | Noticed Mennas
 35918 | Vaults:3 | Killed Mennas
 36012 | Vaults:3 | Reached XP level 21. HP: 121/121 MP: 36/36
 36250 | Vaults:3 | Found Xoinuxkusen's Distillery.
 36254 | Vaults:3 | Bought a potion of curing for 42 gold pieces
 36254 | Vaults:3 | Bought a potion of curing for 42 gold pieces
 36254 | Vaults:3 | Bought a potion of lignification for 42 gold pieces
 36254 | Vaults:3 | Bought a potion of invisibility for 112 gold pieces
 36368 | Vaults:3 | Found a staircase to the Crypt.
 36750 | Vaults:3 | Identified the amulet of Bodoror {Faith Harm rPois rF+++
                  | Str-3}
 37077 | Vaults:4 | Found a flickering gateway to a bazaar.
 37115 | Bazaar   | Entered a bazaar
 37115 | Bazaar   | Found Taed's Book Shoppe.
 37115 | Bazaar   | Found Hazynic's Antique Weapon Shoppe.
 37191 | Bazaar   | Found Pive's General Store.
 37191 | Bazaar   | Found Poankaox's Magic Scroll Emporium.
 37207 | Bazaar   | Bought the ring "Fioffimp" {rElec rC+ MP+9 Int+3 Slay+3}
                  | for 1305 gold pieces
 37207 | Bazaar   | Bought a scroll of enchant weapon for 127 gold pieces
 37207 | Bazaar   | Bought a scroll of fog for 68 gold pieces
 37207 | Bazaar   | Bought a potion of curing for 51 gold pieces
 37211 | Bazaar   | Bought a scroll of teleportation for 39 gold pieces
 37211 | Bazaar   | Bought a scroll of teleportation for 39 gold pieces
 37211 | Bazaar   | Bought a scroll of fog for 52 gold pieces
 37211 | Bazaar   | Bought a scroll of fear for 52 gold pieces
 37211 | Bazaar   | Bought a scroll of revelation for 97 gold pieces
 37211 | Bazaar   | Bought 3 scrolls of teleportation for 117 gold pieces
 37912 | Vaults:4 | Identified the +1 buckler "Bimisix" {Dex+3}
 38648 | Vaults:5 | Entered Level 5 of the Vaults
 38667 | Vaults:5 | Reached XP level 22. HP: 128/128 MP: 37/37
 38693 | Vaults:5 | Noticed a golden dragon
 38695 | Vaults:5 | Killed a golden dragon
 38704 | Vaults:5 | Noticed a golden dragon
 38707 | Vaults:5 | Killed a golden dragon
 38837 | Vaults:5 | Noticed an ancient lich
 38851 | Vaults:5 | Killed an ancient lich
 38983 | Vaults:5 | Identified the +6 flail "Ucobuh" {freeze, +Blink rC+ Dex+4}
 39026 | Vaults:5 | Found Wokien's Magic Scroll Boutique.
 39065 | Vaults:5 | Noticed a golden dragon
 39072 | Vaults:5 | Killed a golden dragon
 39107 | Vaults:5 | Got Vulec's Catalogue of Oxidation and the Tektite
 39307 | Vaults:5 | Identified the +0 spear of a sewer {heavy, rElec rN+ Str-4
                  | Dex+3}
 39378 | Vaults:5 | Identified the staff of Objectivity {rF+ rC+ Dex+2 Ice
                  | Alchemy}
 39403 | Vaults:5 | Identified the ring "Hixa" {rElec rF+ Str+3 Int+3}
 39617 | Vaults:5 | Reached skill level 15 in Shields
 39622 | Vaults:5 | Found Dairioh's Distillery.
 39622 | Vaults:5 | Found Amexog's Magic Scroll Boutique.
 39627 | Vaults:5 | Bought a potion of resistance for 200 gold pieces
 39627 | Vaults:5 | Bought a potion of haste for 200 gold pieces
 39627 | Vaults:5 | Bought 2 potions of mutation for 320 gold pieces
 39634 | Vaults:5 | Bought a scroll of blinking for 142 gold pieces
 39634 | Vaults:5 | Bought a scroll of fear for 76 gold pieces
 39634 | Vaults:5 | Bought a scroll of teleportation for 57 gold pieces
 39845 | Vaults:5 | Got a silver rune of Zot
 39856 | Vaults:5 | Acquired 409 gold pieces
 40008 | Vaults:2 | Noticed Saint Roka
 40020 | Vaults:2 | Killed Saint Roka
 40316 | Depths:1 | Entered Level 1 of the Depths
 40352 | Depths:1 | Found a white marble altar of Elyvilon.
 40478 | Depths:1 | Reached XP level 23. HP: 123/133 MP: 38/38
 40851 | Depths:1 | Found a gateway to Hell.
 41086 | Depths:2 | Noticed a golden dragon
 41096 | Depths:2 | Noticed a juggernaut
 41101 | Depths:2 | Killed a golden dragon
 41123 | Depths:2 | Killed a juggernaut
 41839 | Depths:2 | Found a bloodstained altar of Trog.
 42265 | Depths:2 | Found a one-way gate leading to the halls of Pandemonium.
 42679 | Depths:3 | Reached skill level 15 in Armour
 42931 | Depths:3 | Acquired 607 gold pieces
 42966 | Depths:3 | Noticed a golden dragon
 42974 | Depths:3 | Killed a golden dragon
 43202 | Elf:1    | Entered Level 1 of the Elven Halls
 43270 | Elf:1    | Found Nodayrr's General Store.
 43273 | Elf:1    | Found Cumuwuberph's Specific Store.
 43281 | Elf:1    | Bought a potion of curing for 36 gold pieces
 43690 | Elf:1    | Reached XP level 24. HP: 140/140 MP: 38/38
 44182 | Elf:2    | Noticed Asterion
 44186 | Elf:2    | Killed Asterion
 44396 | Orc:2    | Bought 3 curare-tipped darts for 54 gold pieces
 45348 | Elf:2    | Reached skill level 1 in Throwing
 45538 | Elf:2    | Found a runed translucent gate.
 45538 | Elf:2    | Found a runed translucent gate.
 45538 | Elf:2    | Found a runed translucent gate.
 45720 | Elf:1    | Found a shimmering blue altar of Sif Muna.
 45780 | Elf:2    | Reached skill level 15 in Ranged Weapons
 45796 | Elf:2    | Reached skill level 15 in Dodging
 46059 | Elf:2    | Noticed Zenata
 46081 | Elf:2    | Killed Zenata
 47296 | Elf:3    | Entered Level 3 of the Elven Halls
 47359 | Elf:3    | Found the +8 demon blade "Leech" {evervamp, Harm ^Drain
                  | rN+}
 47589 | Elf:3    | Identified the amulet of Fuuwacat {Reflect Harm rPois rC++
                  | Int+2 SH+5}
 47668 | Elf:3    | Identified the ring "Usotiguf" {rElec rC- rCorr Str+5}
 47704 | Elf:3    | Got the Almanac of Translocational Accelerants
 47715 | Elf:3    | Identified the +4 ring mail of Entitlement {Rampage rC+
                  | Str+7 Int-5}
 47723 | Elf:3    | Identified the staff of the Four Friars {rElec rC- rN+
                  | Will+ Tloc Air}
 48224 | Elf:3    | Paralysed by an air elemental for 1 turns
 48716 | Depths:3 | Identified the orb of Tegyic {light, Slay+2 Ice}
 48716 | Depths:3 | Noticed Frederick
 48717 | Depths:3 | Killed Frederick
 48739 | Depths:3 | Found Qugeom's Magic Scroll Shop.
 48739 | Depths:3 | Found Kah Taxu's Antique Armour Boutique.
 48752 | Depths:3 | Bought a scroll of blinking for 105 gold pieces
 48752 | Depths:3 | Bought a scroll of revelation for 105 gold pieces
 48752 | Depths:3 | Bought a scroll of enchant armour for 105 gold pieces
 48759 | Depths:3 | Bought a pair of glowing boots for 240 gold pieces
 48918 | Depths:3 | Found an iron altar of Okawaru.
 48986 | Depths:3 | Found a one-way gate to the infinite horrors of the Abyss.
 49302 | Depths:4 | Entered Level 4 of the Depths
 49417 | Depths:4 | Identified the +6 scimitar of Wiymal {heavy, Fly rC++ Int-2
                  | SInv}
 49465 | Depths:4 | Noticed a juggernaut
 49475 | Depths:4 | Killed a juggernaut
 49516 | Depths:4 | Found a one-way gateway to a ziggurat.
 49669 | Depths:4 | Found a gate to the Realm of Zot.
 49675 | Depths:4 | Reached XP level 25. HP: 131/144 MP: 38/38
 50297 | Lair:5   | Found a staircase to the Slime Pits.
 50499 | Shoals:2 | Reached skill level 1 in Long Blades
 50505 | Shoals:2 | Identified the staff of Truncation {rC- Int+5 Conj}
 50508 | Shoals:2 | Killed ShutUppercut's ghost
 50885 | Crypt:1  | Entered Level 1 of the Crypt
 50973 | Crypt:1  | Noticed an ancient lich
 50978 | Crypt:1  | Killed an ancient lich
 51789 | Crypt:2  | Identified the +4 long sword of Houhagis {freeze, rPois
                  | rN++ Str-2}
 52259 | Crypt:3  | Entered Level 3 of the Crypt
 52359 | Crypt:3  | Found a basalt altar of Yredelemnul.
 52370 | Crypt:3  | Reached skill level 5 in Long Blades
 52773 | Crypt:3  | Found a staircase to the Tomb.
 52773 | Crypt:3  | Noticed an ancient lich
 52781 | Crypt:3  | Killed an ancient lich
 52837 | Crypt:3  | Identified the staff of the Sneaky Lives {rElec rN+ Str+3
                  | Necro}
 53015 | Crypt:3  | Found the +10 tower shield of Ignorance {rN+ Int-4}
 53071 | Crypt:3  | Identified the +7 great sword "Abowomp" {venom, rPois}
 53157 | Crypt:3  | Identified the ring "Summua" {rN+ Will+ Str+4}
 53157 | Crypt:3  | Identified the ring of Iklos {rF++ rN+ Str-3}
 53157 | Crypt:3  | Identified the ring "Baiwnonga" {rN+ Str+3}
 53637 | Tomb:1   | Entered Level 1 of the Tomb of the Ancients
 53789 | Tomb:1   | Reached XP level 26. HP: 151/151 MP: 38/38
 54068 | Tomb:1   | Noticed a royal mummy
 54072 | Tomb:1   | Killed a royal mummy
 54080 | Tomb:1   | Noticed a royal mummy
 54089 | Tomb:1   | Killed a royal mummy
 54159 | Tomb:1   | Identified the ring of Xetiytal {^Drain rF+ Int+2 Dex+4}
 55190 | Slime:1  | Entered Level 1 of the Pits of Slime
 55474 | Slime:5  | Entered Level 5 of the Pits of Slime
 55500 | Slime:5  | Gained mutation: You are vulnerable to cold. (rC-) [a
                  | shining eye]
 55502 | Slime:5  | Lost mutation: You are vulnerable to cold. (rC-) [potion of
                  | mutation]
 55502 | Slime:5  | Gained mutation: You are partially covered in iridescent
                  | scales. (AC +2) [potion of mutation]
 55502 | Slime:5  | Gained mutation: You are robust. (+10% HP) [potion of
                  | mutation]
 55528 | Slime:5  | Found a viscous altar of Jiyva.
 55533 | Slime:5  | Noticed the Royal Jelly
 55548 | Slime:5  | Killed the Royal Jelly
 55552 | Slime:5  | Gained mutation: You expend magic power (3 MP) to
                  | strengthen your wands. [a shining eye]
 55564 | Slime:5  | Got a starry gem with 203 turns to spare
 55565 | Slime:5  | Identified the +3 ring mail "Gugish" {Int+3}
 55572 | Slime:5  | Got a slimy rune of Zot
 55628 | Slime:5  | Identified the ring of Irghoig {rF++ rC+ SInv}
 55677 | Slime:5  | Identified the amulet "Aveskudubb" {Faith rF+ rN++ Regen+
                  | Slay-6}
 55713 | Slime:5  | Got Ereshkigal's Information on Damage
 55735 | Slime:5  | Identified the +4 ring mail of the Many Stars {rC+ Will-
                  | Dex+4}
 56616 | Hell     | Entered the Vestibule of Hell
 56617 | Hell     | Noticed Geryon
 56618 | Hell     | Noticed Murray
 56706 | Depths:1 | Killed Murray
 57202 | Hell     | Killed Geryon
 57557 | Hell     | Found a gateway to the freezing wastes of Cocytus.
 57631 | Hell     | Found a gateway to the Iron City of Dis.
 57985 | Hell     | Found a gateway to the ashen valley of Gehenna.
 58101 | Hell     | Found a gateway to the decaying netherworld of Tartarus.
 59283 | Zot:1    | Entered Level 1 of the Realm of Zot
 59290 | Zot:1    | Reached XP level 27. HP: 171/171 MP: 38/38
 59367 | Zot:1    | Found the +4 dragonskin cloak
 59367 | Zot:1    | Noticed Tiamat
 59381 | Zot:1    | Killed Tiamat
 60792 | Zot:2    | Noticed Pevengi's ghost (adept DgCj)
 60794 | Zot:2    | Found a transporter.
 61034 | Zot:2    | Found a transporter.
 61918 | Zot:3    | Found a transporter.
 61920 | Zot:3    | Found a transporter.
 62637 | Zot:3    | Found a transporter.
 62639 | Zot:3    | Found a transporter.
 64010 | Zot:5    | Entered Level 5 of the Realm of Zot
 64232 | Zot:5    | Found a runed translucent gate.
 64233 | Zot:5    | Found a runed translucent gate.
 64233 | Zot:5    | Found an opulent altar of Gozag.
 64234 | Zot:5    | Found a runed translucent gate.
 64235 | Zot:5    | Noticed ww7's ghost (legendary HOEn)
 64239 | Zot:5    | Found Ynomer's Assorted Antiques.
 64668 | Zot:5    | Killed ww7's ghost
 64703 | Zot:5    | Bought 2 potions of curing for 246 gold pieces
 64703 | Zot:5    | Bought a scroll of enchant armour for 307 gold pieces
 64703 | Zot:5    | Bought a pair of runed boots for 307 gold pieces
 64896 | Zot:5    | Noticed an orb of fire
 64912 | Zot:5    | Killed an orb of fire
 64925 | Zot:5    | Noticed a dread lich
 64931 | Zot:5    | Killed a dread lich
 64938 | Zot:5    | Noticed an ancient lich
 64941 | Zot:5    | Noticed an ancient lich
 64941 | Zot:5    | Noticed an orb of fire
 64941 | Zot:5    | Noticed a dread lich
 64942 | Zot:5    | Killed an ancient lich
 64942 | Zot:5    | Killed an ancient lich
 64943 | Zot:5    | Killed an orb of fire
 64945 | Zot:5    | Killed a dread lich
 64977 | Zot:5    | Noticed an orb of fire
 64979 | Zot:5    | Killed an orb of fire
 64980 | Zot:5    | Noticed a dread lich
 64980 | Zot:5    | Noticed an ancient lich
 64981 | Zot:5    | Noticed an ancient lich
 64983 | Zot:5    | Noticed an ancient lich
 64987 | Zot:5    | Killed an ancient lich
 64988 | Zot:5    | Killed an ancient lich
 64994 | Zot:5    | Noticed a dread lich
 64997 | Zot:5    | Killed a dread lich
 65006 | Zot:5    | Killed a dread lich
 65007 | Zot:5    | Reached skill level 10 in Long Blades
 65547 | Zot:5    | Killed an ancient lich
 65948 | Depths:3 | Voluntarily entered the Abyss.
 66209 | Abyss:2  | Found a corrupted altar of Lugonu.
 66605 | Abyss:3  | Found a stormy altar of Qazlal.
 66614 | Abyss:3  | Found a corrupted altar of Lugonu.
 66679 | Abyss:3  | Found a corrupted altar of Lugonu.
 66815 | Abyss:3  | Noticed a dread lich
 66822 | Abyss:3  | Killed a dread lich
 66842 | Abyss:3  | Noticed an ancient lich
 66847 | Abyss:3  | Killed an ancient lich
 66883 | Abyss:3  | Found a corrupted altar of Lugonu.
 67013 | Abyss:3  | Found a corrupted altar of Lugonu.
 67909 | Abyss:3  | Reached skill level 5 in Throwing
 67983 | Abyss:3  | Found a corrupted altar of Lugonu.
 67986 | Abyss:3  | Found a corrupted altar of Lugonu.
 67988 | Abyss:3  | Found a corrupted altar of Lugonu.
 68071 | Abyss:3  | Noticed a dread lich
 68153 | Abyss:3  | Found a corrupted altar of Lugonu.
 68160 | Abyss:3  | Found a corrupted altar of Lugonu.
 68188 | Abyss:3  | Killed a dread lich
 68398 | Depths:3 | Escaped the Abyss
 68461 | Depths:3 | Voluntarily entered the Abyss.
 69048 | Abyss:3  | Noticed a dread lich
 69132 | Abyss:3  | Noticed an ancient lich
 69138 | Abyss:3  | Killed an ancient lich
 69240 | Abyss:3  | Gained mutation: You are strong-willed. (Will+) [a neqoxec]
 69503 | Abyss:3  | Paralysed by accursed screaming for 1 turns
 69515 | Abyss:3  | Paralysed by accursed screaming for 1 turns
 69525 | Abyss:3  | Paralysed by accursed screaming for 1 turns
 69544 | Depths:3 | Escaped the Abyss
 69699 | Depths:3 | Voluntarily entered the Abyss.
 69742 | Abyss:3  | Got an abyssal rune of Zot
 69778 | Abyss:3  | Found a shimmering blue altar of Sif Muna.
 69804 | Abyss:3  | Killed a dread lich
 69862 | Abyss:3  | Found a shimmering blue altar of Sif Muna.
 69913 | Abyss:3  | Found a shimmering blue altar of Sif Muna.
 69918 | Depths:3 | Escaped the Abyss
 69922 | Depths:3 | Learned a level 2 spell: Blink
 70041 | Dis:1    | Entered Level 1 of the Iron City of Dis
 70277 | Dis:2    | You fall into a shaft and drop 2 floors!
 70699 | Dis:7    | Entered Level 7 of the Iron City of Dis
 70993 | Dis:7    | Noticed a juggernaut
 70997 | Dis:7    | Noticed Dispater
 70997 | Dis:7    | Killed a juggernaut
 71009 | Dis:7    | Killed Dispater
 71056 | Dis:7    | Got an iron rune of Zot
 71060 | Dis:7    | Got Waomuto's Papyrus of Burning Relocation
 71530 | Dis:3    | Noticed a dread lich
 71530 | Dis:3    | Noticed a dread lich
 71537 | Dis:3    | Killed a dread lich
 71540 | Dis:3    | Killed a dread lich
 74053 | Dis:7    | Noticed a juggernaut
 74057 | Dis:7    | Killed a juggernaut
 74069 | Dis:7    | Identified the ring "Ziwouss" {Ice rPois Dex+2 Stlth-}
 74072 | Dis:7    | Got the Codex of Chilblains and the Welkin
 74092 | Dis:7    | Identified the +0 spear "Poawap" {speed, rCorr Int+3 Dex-5}
 74659 | Shoals:1 | Bought a manual of Evocations for 1440 gold pieces
 75063 | Vaults:5 | Bought a scroll of teleportation for 60 gold pieces
 75063 | Vaults:5 | Bought a scroll of fog for 80 gold pieces
 75511 | Tar:1    | Entered Level 1 of Tartarus
 76588 | Tar:7    | Entered Level 7 of Tartarus
 77744 | Tar:7    | Found the crystal ball of Wucad Mu {*channel}
 77746 | Tar:7    | Identified the amulet of Iloronla {Acrobat rPois Int+2
                  | Slay+2}
 77754 | Tar:7    | Got Sif Muna's Tome of Summoned Cinders
 78038 | Tar:7    | Found the +10 morningstar "Eos" {elec, Halo rElec}
 78571 | Tar:7    | Noticed Ereshkigal
 78575 | Tar:7    | Killed Ereshkigal
 78606 | Tar:7    | Found the +5 scythe "Finisher" {speed, execute}
 78614 | Tar:7    | Got a bone rune of Zot
 79313 | Coc:1    | Entered Level 1 of Cocytus
 79318 | Coc:1    | Paralysed by a wendigo for 1 turns
 80021 | Zot:2    | Killed Pevengi's ghost
 81276 | Coc:4    | Paralysed by a wendigo for 1 turns
 81715 | Coc:7    | Entered Level 7 of Cocytus
 81832 | Coc:7    | Noticed Antaeus
 81844 | Coc:7    | Killed Antaeus
 81865 | Coc:7    | Got an icy rune of Zot
 81869 | Coc:7    | Identified the ring "Soynkif" {Fly rElec rF+ Dex-2 Slay+5}
 81871 | Coc:7    | Identified the +8 quarterstaff of Foolhardiness {flame,
                  | Int+2 Dex+4}
 81873 | Coc:7    | Got the Tome of the Niveous Excursion
 81877 | Coc:7    | Got the Almanac of Twisted Ozone
 82226 | Coc:7    | Paralysed by a wendigo for 1 turns
 82246 | Coc:7    | Found the +7 captain's cutlass {speed, disarm}
 82251 | Coc:7    | Identified the +0 plate armour of the Original Sin {Rampage
                  | rElec MP+9 Str+2}
 82410 | Coc:7    | Paralysed by a wendigo for 1 turns
 82423 | Coc:7    | Paralysed by a wendigo for 1 turns
 82622 | Geh:1    | Entered Level 1 of Gehenna
 82636 | Geh:1    | Reached skill level 27 in Shields
 83640 | Geh:4    | You fall into a shaft and drop 2 floors!
 83783 | Geh:7    | Entered Level 7 of Gehenna
 83850 | Geh:7    | Noticed the Serpent of Hell
 83863 | Geh:7    | Killed the Serpent of Hell
 84366 | Geh:7    | Found the +13 sceptre of Asmodeus
 84366 | Geh:7    | Noticed Asmodeus
 84373 | Geh:7    | Killed Asmodeus
 84390 | Geh:7    | Got an obsidian rune of Zot
 84391 | Geh:7    | Identified the +2 short sword "Ihaqakir" {freeze, Dex+4}
 85533 | Pan      | Entered Pandemonium
 85541 | Pan      | Gained mutation: You occasionally shout uncontrollably at
                  | your foes. [a neqoxec]
 85551 | Pan      | Found an exit through the horrors of the Abyss.
 85636 | Pan      | Noticed Hygephab the pandemonium lord
 85643 | Pan      | Killed Hygephab the pandemonium lord
 86010 | Pan      | Noticed Quckeap the pandemonium lord
 86024 | Pan      | Killed Quckeap the pandemonium lord
 86110 | Pan      | Noticed Unosim the pandemonium lord
 86112 | Pan      | Killed Unosim the pandemonium lord
 86128 | Pan      | Identified the +7 broad axe of Corruption {flame, rPois
                  | rF++ Str-4}
 86229 | Pan      | Entered the realm of Mnoleg.
 86229 | Pan      | Found an exit through the horrors of the Abyss.
 86235 | Pan      | Gained mutation: You are weak. (Str -2) [a cacodemon]
 86262 | Pan      | Noticed Mnoleg
 86267 | Pan      | Gained mutation: You are dopey. (Int -2) [a neqoxec]
 86268 | Pan      | Killed Mnoleg
 86268 | Pan      | Lost mutation: You are robust. (+10% HP) [a neqoxec]
 86320 | Pan      | Got a glowing rune of Zot
 86700 | Pan      | Identified the +0 buckler of the Land of Plenty {rElec
                  | Str+3 Dex-3}
 86742 | Pan      | Noticed Zuruhis the pandemonium lord
 86747 | Pan      | Killed Zuruhis the pandemonium lord
 86788 | Pan      | Got a demonic rune of Zot
 86835 | Pan      | Entered the realm of Cerebov.
 86915 | Pan      | Reached skill level 27 in Fighting
 86955 | Pan      | Identified the +1 lajatang of Undoing {pain, +Blink Dex+3
                  | Stlth+}
 87004 | Pan      | Identified the +5 arbalest of Burning True Grit {antimagic,
                  | Dex+2}
 87249 | Pan      | Identified the ring "Zathren" {rC- rN+ EV+5 Str+3 Slay+2}
 87255 | Pan      | Identified the +11 morningstar of Opnoet {flame, rCorr
                  | Int+2 SInv}
 87698 | Pan      | Identified the +1 dagger of the Boar {flame, rN+}
 87788 | Pan      | Found the +6 sword of Cerebov {flame}
 87788 | Pan      | Noticed Cerebov
 87790 | Pan      | Reached skill level 15 in Spellcasting
 87795 | Pan      | Killed Cerebov
 87866 | Pan      | Got a fiery rune of Zot
 87933 | Pan      | Identified the staff of the Median {rElec Ice Air}
 87934 | Pan      | Identified the amulet of Ihenki {Acrobat rElec rPois}
 88022 | Pan      | Identified the +9 spear of Geifyniz {drain, Dex+2}
 88023 | Pan      | Identified the +4 spear "Monnug" {antimagic, Dex+5}
 89132 | Pan      | Noticed Taroim the pandemonium lord
 89138 | Pan      | Killed Taroim the pandemonium lord
 89189 | Pan      | Entered the realm of Gloorx Vloq.
 89696 | Pan      | Noticed Gloorx Vloq
 89707 | Pan      | Reached skill level 15 in Short Blades
 89708 | Pan      | Killed Gloorx Vloq
 90156 | Pan      | Got a dark rune of Zot
 91076 | Pan      | Noticed Riraucle the pandemonium lord
 91081 | Pan      | Killed Riraucle the pandemonium lord
 91106 | Pan      | Entered the realm of Lom Lobon.
 91106 | Pan      | Noticed Lom Lobon
 91112 | Pan      | Killed Lom Lobon
 91127 | Pan      | Identified the +0 chain mail "Zete Wes" {^Drain rPois rF-
                  | Dex+9}
 91186 | Pan      | Got a magical rune of Zot
 92494 | Abyss:5  | Cast into level 5 of the Abyss (unwielding a weapon of
                  | distortion)
 92574 | Pan      | Escaped the Abyss
 92605 | Pan      | Noticed Uviy the pandemonium lord
 92613 | Pan      | Killed Uviy the pandemonium lord
 92638 | Pan      | Found a runed translucent door.
 92977 | Pan      | Found an exit through the horrors of the Abyss.
 92991 | Pan      | Took an exit into the Abyss.
 92991 | Abyss:5  | Escaped into the Abyss
 93007 | Depths:2 | Escaped the Abyss
 93442 | Zig:1    | Entered Level 1 of a ziggurat
 93442 | Zig:1    | Noticed a royal mummy
 93445 | Zig:1    | Killed a royal mummy
 93562 | Zig:1    | Identified the +4 glaive of Xiana {heavy, ^Fragile Str-4
                  | Dex+5 Stlth+}
 93567 | Zig:2    | Entered Level 2 of a ziggurat
 93580 | Zig:2    | Acquired 852 gold pieces
 93601 | Zig:3    | Entered Level 3 of a ziggurat
 93654 | Zig:3    | Identified the +0 helmet "Hushadoank" {Int-4 Dex+5}
 93657 | Zig:4    | Entered Level 4 of a ziggurat
 93744 | Zig:5    | Entered Level 5 of a ziggurat
 93747 | Zig:5    | Found the +7 Spriggan's Knife {stab, EV+4 Stlth+}
 93759 | Zig:5    | Identified the +4 great sword of the Screaming Gods
                  | {freeze, rElec rPois rF+++ Stlth-}
 93819 | Zig:6    | Entered Level 6 of a ziggurat
 93829 | Zig:6    | Identified the amulet of Heuwahyqi {Faith rN+}
 93867 | Zig:7    | Entered Level 7 of a ziggurat
 93872 | Zig:7    | Noticed Owiara the pandemonium lord
 93875 | Zig:7    | Identified the +6 shortbow "Pedun" {elec, rPois}
 93879 | Zig:7    | Killed Owiara the pandemonium lord
 93902 | Zig:8    | Entered Level 8 of a ziggurat
 93917 | Zig:8    | Identified the +0 chain mail of Qazlal's Indignation {rF+
                  | SInv}
 93920 | Zig:8    | Identified the amulet "Sucivvirph" {RegenMP Int+3}
 93929 | Zig:9    | Entered Level 9 of a ziggurat
 93942 | Zig:9    | Identified the amulet "Suqehu" {Acrobat Str+2}
 93952 | Zig:9    | Identified the ring "Datazxol" {Wiz rN+ Int+3}
 93956 | Zig:9    | Identified the +2 flail of the Reaper {heavy, rN+}
 93965 | Zig:10   | Entered Level 10 of a ziggurat
 93996 | Zig:10   | Identified the +12 long sword of Kepuotud {flame, MP+9
                  | Int+3}
 94014 | Zig:11   | Entered Level 11 of a ziggurat
 94053 | Zig:11   | Identified the +4 broad axe "Malaz" {venom, rPois Will+
                  | Dex+5}
 94066 | Zig:11   | Identified the +1 rapier of the Kissing Gods {pain, rF+ rC+
                  | Will+ Str-4}
 94069 | Zig:11   | Identified the +1 scale mail "Koirgh" {rElec rPois Slay+2}
 94185 | Zig:12   | Entered Level 12 of a ziggurat
 94248 | Zig:12   | Identified the ring of Noon {Wiz ^Drain Int+8}
 94257 | Zig:12   | Acquired 497 gold pieces
 94262 | Zig:12   | Identified the +1 plate armour of the Silly God {Fly rF-
                  | rCorr Str+3}
 94268 | Zig:13   | Entered Level 13 of a ziggurat
 94320 | Zig:13   | Identified the ring "Hius" {Str+6 Stlth+}
 94323 | Zig:13   | Identified the +0 scale mail "Ihiur" {Regen+}
 94328 | Zig:13   | Got the Cyclopedia of Location
 94346 | Zig:14   | Entered Level 14 of a ziggurat
 94518 | Zig:14   | Found the amulet of Vitality {RegenMP++ Regen++}
 94521 | Zig:14   | Identified the ring "Xetzomaw" {rF- rCorr Int+5 Dex+3 SInv}
 94530 | Zig:14   | Identified the ring "Habrunk" {^Contam rPois Will++ Str+2
                  | Dex-3}
 94538 | Zig:14   | Identified the +6 morningstar of Kindness {holy, Str+5}
 94575 | Zig:15   | Entered Level 15 of a ziggurat
 94588 | Zig:15   | Identified the staff of Understanding {rF+ rC+ rN+ Dex+2
                  | Necro Fire}
 94631 | Zig:15   | Identified the +2 dagger of Impeachment {freeze, Will+
                  | MP+9}
 94692 | Zig:16   | Entered Level 16 of a ziggurat
 94707 | Zig:16   | Found the +6 Majin-Bo {spellvamp, MP+6 Int+6}
 94727 | Zig:16   | Reached skill level 27 in Armour
 94889 | Zig:16   | Identified the ring of Suni {+Blink Str+3 Int-5 Dex+6
                  | Stlth+}
 94890 | Zig:16   | Identified the staff of Instant Death {rC+++ Dex-3 SInv
                  | Conj Tloc}
 94900 | Zig:17   | Entered Level 17 of a ziggurat
 94912 | Zig:17   | Noticed Qudwoden the pandemonium lord
 94920 | Zig:17   | Killed Qudwoden the pandemonium lord
 94920 | Zig:17   | Found the +15 Maxwell's patent armour {-Cast -Tele rElec
                  | Will+ rCorr}
 95056 | Zig:17   | Lost mutation: You expend magic power (3 MP) to strengthen
                  | your wands. [mutagenic glow]
 95057 | Zig:17   | Got the Annotations on the Morgue and Gusts
 95113 | Zig:17   | Identified the +0 ring mail "Vateamee" {^Drain Fly Int+3
                  | Dex+7}
 95187 | Zig:18   | Entered Level 18 of a ziggurat
 95204 | Zig:18   | Lost mutation: You are dopey. (Int -2) [a shining eye]
 95228 | Zig:18   | Identified the staff of the Sandy God {rC+ Stlth+ Ice}
 95244 | Zig:18   | Identified the ring "Naurrit" {rN+ Will+ Int+3}
 95252 | Zig:19   | Entered Level 19 of a ziggurat
 95399 | Zig:19   | Acquired 983 gold pieces
 95400 | Zig:19   | Acquired 498 gold pieces
 95401 | Zig:19   | Acquired 1155 gold pieces
 95405 | Zig:19   | Identified the ring of Esetosu {rF+ Int+6 SInv}
 95413 | Zig:19   | Identified the staff of the Decaying God {rC+ Hexes Ice
                  | Alchemy}
 95416 | Zig:19   | Identified the +8 long sword of Zucuk {venom, ^Drain rN++
                  | rCorr Str+3}
 95421 | Zig:19   | Acquired a manual of Evocations
 95423 | Zig:19   | Identified the +2 longbow "Widowermaker" {flame, rElec rC+}
 95424 | Zig:19   | Identified the ring of the Raven {rCorr Str+4}
 95427 | Zig:20   | Entered Level 20 of a ziggurat
 95606 | Zig:20   | Acquired 1049 gold pieces
 95621 | Zig:20   | Identified the quicksilver dragon scales "Jomal" {rElec
                  | rF+++ Will+ Str-5 Stlth-}
 95631 | Zig:20   | Identified the ring of Wicuathi {*Slow rN+ Int+6}
 95638 | Zig:21   | Entered Level 21 of a ziggurat
 95677 | Zig:21   | Reached skill level 27 in Dodging
 95746 | Zig:21   | Identified the ring of Vaet {rC+ Will+ Dex+4}
 95759 | Zig:22   | Entered Level 22 of a ziggurat
 95935 | Zig:22   | Identified the amulet "Jam Qonk" {Spirit Str+3}
 95938 | Zig:22   | Identified the +8 short sword of Zymy {flame, rF+ Int-5
                  | Dex+7 Stlth+}
 95945 | Zig:22   | Identified the staff of Greed {rPois rF+ Str+3 Alchemy}
 95947 | Zig:22   | Identified the +2 pair of gloves of the Pink Corner {+Inv
                  | rElec rCorr}
 95949 | Zig:22   | Identified the +0 troll leather armour of Henotheism {rPois
                  | rF- rC+ Regen+}
 95954 | Zig:23   | Entered Level 23 of a ziggurat
 95973 | Zig:23   | Reached skill level 15 in Evocations
 96193 | Zig:24   | Entered Level 24 of a ziggurat
 96209 | Zig:24   | Noticed Tuyfitug the pandemonium lord
 96213 | Zig:24   | Killed Tuyfitug the pandemonium lord
 96643 | Zig:24   | Identified the ring "Abicem" {Fire Dex+3}
 96646 | Zig:24   | Got the Opusculum on Fetching Terra Firma
 96679 | Zig:25   | Entered Level 25 of a ziggurat
 96710 | Zig:25   | Found the macabre finger necklace {Finger+ rN+}
 96808 | Zig:25   | Identified the +0 plate armour of the Dungeon {Str+2 Int+3}
 96822 | Zig:25   | Identified the ring "Kennuaci" {Fire rN+ Str+4}
 96829 | Zig:26   | Entered Level 26 of a ziggurat
 96869 | Zig:26   | Paralysed by accursed screaming for 2 turns
 96874 | Zig:26   | Paralysed by accursed screaming for 2 turns
 96883 | Zig:26   | Paralysed by accursed screaming for 2 turns
 96895 | Zig:26   | Paralysed by accursed screaming for 1 turns
 97028 | Zig:26   | Identified the +2 ring mail of Past Mistakes {-Tele rN+++
                  | Str+3}
 97043 | Zig:26   | Identified the +4 hat of Pan-Flutes {Rampage}
 97059 | Zig:27   | Entered Level 27 of a ziggurat
 97206 | Zig:27   | Identified the ring of Ukyull {rC+ rCorr Dex+6 Stlth+}
 97214 | Zig:27   | Identified the ring "Coxt" {rCorr Int+3}
 97217 | Zig:27   | Identified the +0 troll leather armour of Doehoq {+Blink
                  | Will+ Regen+ Int-5 Stlth+}
 97218 | Zig:27   | Identified the +6 sling of Caaguv {antimagic, Str+4}
 97221 | Zig:27   | Identified the +9 lajatang "Ogreslayer" {venom, Fly rElec
                  | Str+2}
 97963 | Tomb:2   | Noticed a royal mummy
 97963 | Tomb:2   | Noticed a royal mummy
 97968 | Tomb:2   | Killed a royal mummy
 97969 | Tomb:2   | Noticed a royal mummy
 97969 | Tomb:2   | Noticed a royal mummy
 97969 | Tomb:2   | Noticed a royal mummy
 97969 | Tomb:2   | Killed a royal mummy
 97973 | Tomb:2   | Killed a royal mummy
 97974 | Tomb:2   | Killed a royal mummy
 97974 | Tomb:2   | Killed a royal mummy
 98242 | Tomb:1   | Noticed a royal mummy
 98242 | Tomb:1   | Noticed a royal mummy
 98243 | Tomb:1   | Noticed a royal mummy
 98243 | Tomb:1   | Noticed a royal mummy
 98243 | Tomb:1   | Noticed a royal mummy
 98245 | Tomb:1   | Noticed a royal mummy
 98246 | Tomb:1   | Noticed a royal mummy
 98246 | Tomb:1   | Noticed a royal mummy
 98247 | Tomb:1   | Killed a royal mummy
 98250 | Tomb:1   | Killed a royal mummy
 98253 | Tomb:1   | Killed a royal mummy
 98254 | Tomb:1   | Killed a royal mummy
 98255 | Tomb:1   | Killed a royal mummy
 98256 | Tomb:1   | Killed a royal mummy
 98257 | Tomb:1   | Killed a royal mummy
 98260 | Tomb:1   | Killed a royal mummy
 98272 | Tomb:1   | Noticed a royal mummy
 98279 | Tomb:1   | Killed a royal mummy
 98306 | Tomb:1   | Noticed a royal mummy
 98315 | Tomb:1   | Killed a royal mummy
 98339 | Tomb:1   | Noticed a royal mummy
 98340 | Tomb:1   | Noticed a royal mummy
 98343 | Tomb:1   | Noticed a royal mummy
 98347 | Tomb:1   | Killed a royal mummy
 98350 | Tomb:1   | Noticed a royal mummy
 98355 | Tomb:1   | Killed a royal mummy
 98356 | Tomb:1   | Noticed a royal mummy
 98357 | Tomb:1   | Noticed a royal mummy
 98362 | Tomb:1   | Killed a royal mummy
 98364 | Tomb:1   | Killed a royal mummy
 98370 | Tomb:1   | Killed a royal mummy
 98374 | Tomb:1   | Killed a royal mummy
 98396 | Tomb:1   | Noticed a royal mummy
 98399 | Tomb:1   | Noticed a royal mummy
 98407 | Tomb:1   | Noticed a royal mummy
 98411 | Tomb:1   | Killed a royal mummy
 98420 | Tomb:1   | Killed a royal mummy
 98439 | Tomb:1   | Killed a royal mummy
 99060 | Tomb:3   | Entered Level 3 of the Tomb of the Ancients
 99083 | Tomb:3   | Noticed a royal mummy
 99083 | Tomb:3   | Noticed a royal mummy
 99092 | Tomb:3   | Noticed a royal mummy
 99098 | Tomb:3   | Noticed a royal mummy
 99098 | Tomb:3   | Killed a royal mummy
 99098 | Tomb:3   | Killed a royal mummy
 99103 | Tomb:3   | Noticed a royal mummy
 99111 | Tomb:3   | Noticed a royal mummy
 99118 | Tomb:3   | Killed a royal mummy
 99121 | Tomb:3   | Killed a royal mummy
 99123 | Tomb:3   | Killed a royal mummy
 99126 | Tomb:3   | Killed a royal mummy
 99157 | Tomb:3   | Noticed a royal mummy
 99160 | Tomb:3   | Killed a royal mummy
 99161 | Tomb:3   | Noticed a royal mummy
 99165 | Tomb:3   | Killed a royal mummy
 99167 | Tomb:3   | Noticed Khufu
 99171 | Tomb:3   | Killed Khufu
 99204 | Tomb:3   | Got a golden rune of Zot
 99337 | Tomb:3   | Identified the +3 broad axe "Panomm" {holy, rElec rPois
                  | Str+2 Dex+3}
 99468 | Tomb:3   | Identified the +3 trident of Prudence {venom, rF+ rCorr
                  | Str+3}
 99471 | Tomb:3   | Identified the ring of Pessimism {rElec rF+++ AC+4 Str-2
                  | Dex+3}
 99474 | Tomb:3   | Identified the +8 great sword "Ajudgh" {flame, Dex+3}
 99516 | Tomb:3   | Identified the +5 broad axe of Extermination {flame, rElec}
 99521 | Tomb:3   | Identified the -1 kite shield of the Cobbler {*Corrode rF+
                  | Will+ Str+2}
 99523 | Tomb:3   | Identified the +6 broad axe of Pride {freeze, Dex+3 Stlth+}
100044 | Lair:1   | Lost mutation: You are weak. (Str -2) [potion of mutation]
100044 | Lair:1   | Lost mutation: You are partially covered in iridescent
                  | scales. (AC +2) [potion of mutation]
100044 | Lair:1   | Lost mutation: You are strong-willed. (Will+) [potion of
                  | mutation]
100044 | Lair:1   | Gained mutation: You have large cloven feet. [potion of
                  | mutation]
100044 | Lair:1   | Gained mutation: You are dopey. (Int -2) [potion of
                  | mutation]
100045 | Lair:1   | Lost mutation: You have large cloven feet. [potion of
                  | mutation]
100045 | Lair:1   | Lost mutation: You are dopey. (Int -2) [potion of mutation]
100045 | Lair:1   | Lost mutation: You occasionally shout uncontrollably at
                  | your foes. [potion of mutation]
100045 | Lair:1   | Gained mutation: You have an increased reservoir of magic.
                  | (+10% MP) [potion of mutation]
100045 | Lair:1   | Gained mutation: Your spells are a little easier to cast,
                  | but a little less powerful. [potion of mutation]
100045 | Lair:1   | Gained mutation: Your flesh is cold resistant. (rC+)
                  | [potion of mutation]
100046 | Lair:1   | Lost mutation: Your flesh is cold resistant. (rC+) [potion
                  | of mutation]
100046 | Lair:1   | Lost mutation: Your spells are a little easier to cast, but
                  | a little less powerful. [potion of mutation]
100046 | Lair:1   | Lost mutation: You have an increased reservoir of magic.
                  | (+10% MP) [potion of mutation]
100046 | Lair:1   | Gained mutation: You have a pair of small horns on your
                  | head. [potion of mutation]
100046 | Lair:1   | Gained mutation: You occasionally lose the ability to drink
                  | potions when taking damage. [potion of mutation]
100046 | Lair:1   | Gained mutation: You sometimes lose your temper in combat.
                  | [potion of mutation]
100046 | Lair:1   | Gained mutation: You are agile. (Dex +4, Str/Int -1)
                  | [potion of mutation]
100047 | Lair:1   | Lost mutation: You have a pair of small horns on your head.
                  | [potion of mutation]
100047 | Lair:1   | Lost mutation: You are agile. (Dex +4, Str/Int -1) [potion
                  | of mutation]
100047 | Lair:1   | Lost mutation: You occasionally lose the ability to drink
                  | potions when taking damage. [potion of mutation]
100047 | Lair:1   | Gained mutation: Your magical capacity is low. (-10% MP)
                  | [potion of mutation]
100047 | Lair:1   | Lost mutation: You sometimes lose your temper in combat.
                  | [potion of mutation]
100048 | Lair:1   | Lost mutation: Your magical capacity is low. (-10% MP)
                  | [potion of mutation]
100048 | Lair:1   | Gained mutation: You passively map a small area around you.
                  | [potion of mutation]
100048 | Lair:1   | Gained mutation: You are frail. (-10% HP) [potion of
                  | mutation]
100048 | Lair:1   | Gained mutation: You are somewhat resistant to further
                  | mutation. [potion of mutation]
100049 | Lair:1   | Lost mutation: You are frail. (-10% HP) [potion of
                  | mutation]
100049 | Lair:1   | Lost mutation: You passively map a small area around you.
                  | [potion of mutation]
100049 | Lair:1   | Lost mutation: You are somewhat resistant to further
                  | mutation. [potion of mutation]
100049 | Lair:1   | Gained mutation: You are strong-willed. (Will+) [potion of
                  | mutation]
100049 | Lair:1   | Gained mutation: Your mind is acute. (Int +4, Str/Dex -1)
                  | [potion of mutation]
100049 | Lair:1   | Gained mutation: You sometimes lose your temper in combat.
                  | [potion of mutation]
100050 | Lair:1   | Lost mutation: You are strong-willed. (Will+) [potion of
                  | mutation]
100050 | Lair:1   | Lost mutation: You sometimes lose your temper in combat.
                  | [potion of mutation]
100050 | Lair:1   | Lost mutation: Your mind is acute. (Int +4, Str/Dex -1)
                  | [potion of mutation]
100050 | Lair:1   | Gained mutation: You are frail. (-10% HP) [potion of
                  | mutation]
100050 | Lair:1   | Lost mutation: You are frail. (-10% HP) [potion of
                  | mutation]
100050 | Lair:1   | Gained mutation: You have supernaturally acute eyesight.
                  | (SInv) [potion of mutation]
100051 | Lair:1   | Lost mutation: You have supernaturally acute eyesight.
                  | (SInv) [potion of mutation]
100051 | Lair:1   | Gained mutation: Your health recovers twice as slowly from
                  | being drained. [potion of mutation]
100051 | Lair:1   | Gained mutation: Armour fits poorly on your strangely
                  | shaped body. [potion of mutation]
100051 | Lair:1   | Gained mutation: You are covered in fur. (AC +1) [potion of
                  | mutation]
100052 | Lair:1   | Lost mutation: Armour fits poorly on your strangely shaped
                  | body. [potion of mutation]
100052 | Lair:1   | Lost mutation: You are covered in fur. (AC +1) [potion of
                  | mutation]
100052 | Lair:1   | Gained mutation: You have a pair of small horns on your
                  | head. [potion of mutation]
100053 | Lair:1   | Lost mutation: Your health recovers twice as slowly from
                  | being drained. [potion of mutation]
100053 | Lair:1   | Lost mutation: You have a pair of small horns on your head.
                  | [potion of mutation]
100053 | Lair:1   | Gained mutation: You passively map a small area around you.
                  | [potion of mutation]
100053 | Lair:1   | Gained mutation: You occasionally shout uncontrollably at
                  | your foes. [potion of mutation]
100054 | Lair:1   | Lost mutation: You passively map a small area around you.
                  | [potion of mutation]
100054 | Lair:1   | Lost mutation: You occasionally shout uncontrollably at
                  | your foes. [potion of mutation]
100054 | Lair:1   | Gained mutation: You are frail. (-10% HP) [potion of
                  | mutation]
100054 | Lair:1   | Gained mutation: You are dopey. (Int -2) [potion of
                  | mutation]
100054 | Lair:1   | Gained mutation: Armour fits poorly on your strangely
                  | shaped body. [potion of mutation]
100054 | Lair:1   | Lost intelligence.
100054 | Lair:1   | Gained mutation: Your muscles are strong. (Str +4, Int/Dex
                  | -1) [potion of mutation]
100058 | Lair:1   | Lost mutation: You are frail. (-10% HP) [potion of
                  | mutation]
100058 | Lair:1   | Lost mutation: Your muscles are strong. (Str +4, Int/Dex
                  | -1) [potion of mutation]
100058 | Lair:1   | Gained mutation: You expend magic power (3 MP) to
                  | strengthen your wands. [potion of mutation]
100058 | Lair:1   | Gained mutation: You possess an exceptional clarity of
                  | mind. [potion of mutation]
100059 | Lair:1   | Lost mutation: You possess an exceptional clarity of mind.
                  | [potion of mutation]
100059 | Lair:1   | Lost mutation: Armour fits poorly on your strangely shaped
                  | body. [potion of mutation]
100059 | Lair:1   | Gained mutation: You have hidden genetic defects. [potion
                  | of mutation]
100060 | Lair:1   | Lost mutation: You have hidden genetic defects. [potion of
                  | mutation]
100060 | Lair:1   | Lost mutation: You expend magic power (3 MP) to strengthen
                  | your wands. [potion of mutation]
100060 | Lair:1   | Lost mutation: You are dopey. (Int -2) [potion of mutation]
100060 | Lair:1   | Gained mutation: You have a pair of small antennae on your
                  | head. [potion of mutation]
100060 | Lair:1   | Gained mutation: You are vulnerable to cold. (rC-) [potion
                  | of mutation]
100061 | Lair:1   | Lost mutation: You are vulnerable to cold. (rC-) [potion of
                  | mutation]
100061 | Lair:1   | Lost mutation: You have a pair of small antennae on your
                  | head. [potion of mutation]
100061 | Lair:1   | Gained mutation: You have sharp toenails. [potion of
                  | mutation]
100061 | Lair:1   | Gained mutation: You are vulnerable to cold. (rC-) [potion
                  | of mutation]
100061 | Lair:1   | Gained mutation: You have supernaturally acute eyesight.
                  | (SInv) [potion of mutation]
100061 | Lair:1   | Gained mutation: You expend magic power (3 MP) to
                  | strengthen your wands. [potion of mutation]
100062 | Lair:1   | Lost mutation: You expend magic power (3 MP) to strengthen
                  | your wands. [potion of mutation]
100062 | Lair:1   | Lost mutation: You have supernaturally acute eyesight.
                  | (SInv) [potion of mutation]
100062 | Lair:1   | Lost mutation: You have sharp toenails. [potion of
                  | mutation]
100062 | Lair:1   | Gained mutation: You are robust. (+10% HP) [potion of
                  | mutation]
100063 | Lair:1   | Lost mutation: You are robust. (+10% HP) [potion of
                  | mutation]
100063 | Lair:1   | Lost mutation: You are vulnerable to cold. (rC-) [potion of
                  | mutation]
100063 | Lair:1   | Gained mutation: Your magical capacity is low. (-10% MP)
                  | [potion of mutation]
100063 | Lair:1   | Gained mutation: You are covered in fur. (AC +1) [potion of
                  | mutation]
100063 | Lair:1   | Gained mutation: You sometimes lose your temper in combat.
                  | [potion of mutation]
100063 | Lair:1   | Gained mutation: You have sharp toenails. [potion of
                  | mutation]
100065 | Lair:1   | Lost mutation: You have sharp toenails. [potion of
                  | mutation]
100065 | Lair:1   | Lost mutation: You are covered in fur. (AC +1) [potion of
                  | mutation]
100065 | Lair:1   | Lost mutation: You sometimes lose your temper in combat.
                  | [potion of mutation]
100065 | Lair:1   | Gained mutation: Your body sometimes deteriorates upon
                  | taking damage. [potion of mutation]
100065 | Lair:1   | Gained mutation: You have supernaturally acute eyesight.
                  | (SInv) [potion of mutation]
100065 | Lair:1   | Gained mutation: Your body often deteriorates upon taking
                  | damage. [potion of mutation]
100065 | Lair:1   | Gained mutation: Your spells are a little harder to cast,
                  | but a little more powerful. [potion of mutation]
100264 | Pan      | Entered Pandemonium
100386 | Pan      | Found a transporter.
100453 | Pan      | Lost mutation: You have supernaturally acute eyesight.
                  | (SInv) [potion of mutation]
100453 | Pan      | Lost mutation: Your spells are a little harder to cast, but
                  | a little more powerful. [potion of mutation]
100453 | Pan      | Gained mutation: You have sharp toenails. [potion of
                  | mutation]
100453 | Pan      | Gained mutation: You are covered in fur. (AC +1) [potion of
                  | mutation]
100454 | Pan      | Lost mutation: You are covered in fur. (AC +1) [potion of
                  | mutation]
100454 | Pan      | Lost mutation: Your body often deteriorates upon taking
                  | damage. [potion of mutation]
100454 | Pan      | Lost mutation: You have sharp toenails. [potion of
                  | mutation]
100455 | Pan      | Lost mutation: Your magical capacity is low. (-10% MP)
                  | [potion of mutation]
100455 | Pan      | Lost mutation: Your body sometimes deteriorates upon taking
                  | damage. [potion of mutation]
100455 | Pan      | Gained mutation: You are strong-willed. (Will+) [potion of
                  | mutation]
100455 | Pan      | Gained mutation: You are partially covered in iridescent
                  | scales. (AC +2) [potion of mutation]
100455 | Pan      | Gained mutation: You are frail. (-10% HP) [potion of
                  | mutation]
100455 | Pan      | Gained mutation: Your flesh is heat resistant. (rF+)
                  | [potion of mutation]
100456 | Pan      | Lost mutation: You are partially covered in iridescent
                  | scales. (AC +2) [potion of mutation]
100456 | Pan      | Lost mutation: You are frail. (-10% HP) [potion of
                  | mutation]
100456 | Pan      | Lost mutation: You are strong-willed. (Will+) [potion of
                  | mutation]
100456 | Pan      | Gained mutation: Your body sometimes deteriorates upon
                  | taking damage. [potion of mutation]
100456 | Pan      | Gained mutation: You are frail. (-10% HP) [potion of
                  | mutation]
100456 | Pan      | Gained mutation: You heal very quickly. [potion of
                  | mutation]
100457 | Pan      | Lost mutation: You are frail. (-10% HP) [potion of
                  | mutation]
100457 | Pan      | Lost mutation: You heal very quickly. [potion of mutation]
100457 | Pan      | Gained mutation: Your muscles are strong. (Str +4, Int/Dex
                  | -1) [potion of mutation]
100457 | Pan      | Gained mutation: Your flesh is cold resistant. (rC+)
                  | [potion of mutation]
100457 | Pan      | Gained mutation: Your muscles are very strong. (Str +8,
                  | Int/Dex -2) [potion of mutation]
100458 | Pan      | Lost mutation: Your flesh is cold resistant. (rC+) [potion
                  | of mutation]
100458 | Pan      | Lost mutation: Your muscles are very strong. (Str +8,
                  | Int/Dex -2) [potion of mutation]
100458 | Pan      | Lost mutation: Your flesh is heat resistant. (rF+) [potion
                  | of mutation]
100458 | Pan      | Gained mutation: You are covered in fur. (AC +1) [potion of
                  | mutation]
100458 | Pan      | Gained mutation: Your muscles are very strong. (Str +8,
                  | Int/Dex -2) [potion of mutation]
100458 | Pan      | Gained mutation: You are robust. (+10% HP) [potion of
                  | mutation]
100459 | Pan      | Lost mutation: You are robust. (+10% HP) [potion of
                  | mutation]
100459 | Pan      | Lost mutation: Your body sometimes deteriorates upon taking
                  | damage. [potion of mutation]
100459 | Pan      | Lost mutation: You are covered in fur. (AC +1) [potion of
                  | mutation]
100459 | Pan      | Gained mutation: Your flesh is heat resistant. (rF+)
                  | [potion of mutation]
100459 | Pan      | Gained mutation: You are agile. (Dex +4, Str/Int -1)
                  | [potion of mutation]
100459 | Pan      | Lost intelligence.
100459 | Pan      | Gained mutation: You are very agile. (Dex +8, Str/Int -2)
                  | [potion of mutation]
100480 | Pan      | Found a transporter.
101121 | Pan      | Gained mutation: You occasionally lose the ability to drink
                  | potions when taking damage. [a cacodemon]
101138 | Pan      | Identified the ring of Balance {rC+ MP+9 Str+2}
101150 | Pan      | Identified the ring of Xewnu {*Corrode rN+ Will+ MP+9
                  | Stlth+}
101331 | Pan      | Noticed Toteq the pandemonium lord
101339 | Pan      | Killed Toteq the pandemonium lord
101768 | Pan      | Found an exit through the horrors of the Abyss.
101780 | Pan      | Took an exit into the Abyss.
101780 | Abyss:5  | Escaped into the Abyss
101783 | Abyss:5  | Found a corrupted altar of Lugonu.
101793 | Depths:2 | Escaped the Abyss
102037 | Zot:5    | Got the Orb of Zot
102333 | Depths:1 | Noticed Laerr the pandemonium lord
102340 | Depths:1 | Killed Laerr the pandemonium lord
102678 | D:$      | Escaped with the Orb!

Illustrated notes

Levels and vault maps discovered:
D:1:      saegor_arrival_fortress, layout_basic
D:2:      layout_basic, serial_shops, nicolae_shop_tiny_waterfront
D:3:      layout_loops_ring, nzn_wu_jian_contemplation,
          mainiacjoe_overflow_concentric_impassable, serial_shops, shop, shop,
          shop, shop, supply_closet_lemuel, uniq_jessica
D:4:      layout_gridville, mainiacjoe_overflow_alcove_4, serial_rivers,
          chequers_serial_rivers_small_b, chequers_serial_rivers_micro_c,
          chequers_serial_rivers_marsh, chequers_serial_rivers_small_b,
          chequers_serial_rivers_room_b, chequers_serial_rivers_large_b,
          grunt_decor_one_mirror, minmay_misc_feat_more_columns
D:5:      layout_rooms, riverfiend_overflow_shadow_ancestor,
          chequers_temple_overflow_statue_of_worship
D:6:      layout_loops_ring, minmay_temple_entry_mini_moons,
          hangedman_feature_mirror, minmay_liquid_box, uniq_maggie
D:7:      layout_loops_ring, nicolae_tso_swordbearing_angel, zin_statuary,
          nicolae_gozag_cash_rules_everything_around_me, serial_shops,
          nicolae_shop_dealshenge
D:8:      layout_basic, mainiacjoe_overflow_tiny_flanked, kennysheep_mini,
          lemuel_crystal_altar, uniq_jeremiah, uniq_grum, uniq_amaemon
D:9:      layout_basic, cheibrodos_ashenzari_chains,
          nemelex_xobeh_ov_fountains_minmay, minmay_diamond_spiral
D:10:     layout_loops_cross, mainiacjoe_overflow_small_starburst, serial_shops,
          nicolae_shop_advertising_works [nicolae_subvault_shop_adworks]
D:11:     wad_crossroads, layout_loops_ring, uniq_nergalle
D:12:     minmay_weird_star, layout_loops_corners, orc_0_dummy,
          portal_ice_cave_entry_pillars_1, hangedman_weighted_door
D:13:     gammafunk_corrupted_shrine, layout_small_grid, uniq_erolcha
D:14:     layout_irregular_city, grunt_vaults_entry_fortified,
          dreamdust_princess_corridor
D:15:     gammafunk_enter_depths_forms, layout_loops_ring, nicolae_hexahallways
Lair:1:   minmay_lair_oklob_chamber, layout_regular_city, serial_bayou_pond_d,
          chequers_serial_rivers_micro_c
Lair:2:   layout_cave_pods, mainiacjoe_shoals_entry_four_pools,
          nicolae_lair_grazing_beasts [nicolae_sub_lair_graze_edge,
          nicolae_sub_lair_graze_edge, nicolae_sub_lair_graze_edge,
          nicolae_sub_lair_graze_edge]
Lair:3:   layout_concentric_octagons, spider_nest_entry_funnel_web
Lair:4:   layout_hall_layers, patterned_corridor
Lair:5:   hangedman_lair_caniforms_friends, layout_big_grid, wormcave,
          minmay_slime_entry_oklob_enclosed, lemuel_fruit_fields
Shoals:1: layout_shoals, nicolae_shop_vocational
Shoals:2: nicolae_shoals_offshore_bank_account, layout_shoals,
          gammafunk_ghost_necromancy, uniq_frances, uniq_donald
Shoals:3: layout_shoals, uniq_mlioglotl, uniq_ilsuiw
Shoals:4: shoals_end_grunt_garden, layout_shoals, shoal_ilsuiw,
          nicolae_shoals_nautilus_by_nature, nicolae_shoals_this_corrosion
Spider:1: layout_spider_delve, nicolae_spider_scorpion_nest
Spider:2: layout_spider_delve, uniq_louise, uniq_roxanne
Spider:3: layout_cave_pods, hellmonk_motheaten_closet, uniq_aizul
Spider:4: spider_rune_water, nicolae_spider_some_kinda_spiderbox, uniq_arachne
Slime:1:  layout_caves, cheibrodos_slime_lost_civilization_7
Slime:2:  layout_caves
Slime:3:  layout_caves
Slime:4:  cheibrodos_slime_lost_civilization_3, layout_caves
Slime:5:  slime_pit_nicolae_amoeboid
Orc:1:    layout_caves, kennysheep_orc_chapel
Orc:2:    hellmonk_orc_salted, layout_caves, gauntlet_entry_generic, uniq_sonja
Elf:1:    layout_gridlike, nicolae_elf_crossing_hall, drop_trap, minivault_27,
          st_stairs_13, nicolae_specific_store, lemuel_upstairs_altar
Elf:2:    elven_hall_of_blades_hangedman_original [nicolae_blade_little_rooms],
          layout_gridlike, minivault_24, uniq_zenata, uniq_asterion
Elf:3:    minmay_elf_hall_quartered_circle, layout_geoelf_castle,
          dreamdust_deal_with_the_devil, grunt_ministairs_7,
          nicolae_concentric_dashed_squares_mild
Vaults:1: ontoclasm_vaults_ligature, nicolae_vaults_double_plus_2,
          vaults_mumra_hexcomb, nicolae_vaults_stepped_doors, v_misc_13,
          vaults_room_pool, vaults_room_corners, nicolae_vaults_border_crossing,
          nicolae_vaults_yaktaur_gun_rack, layout_vaults_omnigrid
Vaults:2: nicolae_vaults_trapezoid_2, v_misc_26,
          nicolae_vaults_stairing_the_circle, v_misc_17, nicolae_vaults_prndl,
          nicolae_vaults_oval_intersection, nicolae_vaults_heist,
          nicolae_vaults_apartment_2, nicolae_vaults_tangram_2,
          nicolae_vaults_whirlpool_walls, hangedman_vaults_stitches,
          ontoclasm_vaults_gateway, nicolae_vaults_diagonal_hallway_8,
          dpeg_vaults_monster_box, nicolae_vaults_little_squares_1,
          layout_vaults_omnibox, uniq_saint_roka, uniq_jory
Vaults:3: minmay_crypt_entry_simple_plaza, nicolae_vaults_closet_pinwheel_6,
          nicolae_vaults_trapezoid_lopsided_1, ontoclasm_vaults_tryst,
          nicolae_vaults_antechamber_and_loot_room, vaults_standard_mumra_x,
          nicolae_vaults_meiosis, v_alt_pattern_6, ontoclasm_vaults_chip,
          vaults_room_grunt_arrival_checkpoint, ontoclasm_vaults_misaligned,
          vaults_dpeg_ring, layout_vaults_ring, serial_shops,
          nicolae_shop_back_alley_shop, uniq_mennas
Vaults:4: nicolae_vaults_cochlea, nicolae_vaults_back_hallway,
          nicolae_vaults_what_the_h, nicolae_vaults_closet_pinwheel_2,
          ontoclasm_vaults_bender, nicolae_vaults_house_1,
          layout_vaults_chaotic_city, serial_shops, freezing_bzr
Vaults:5
Crypt:1:  layout_rooms
Crypt:2:  layout_chaotic_city, uniq_margery
Crypt:3:  grunt_crypt_end_deaths_head
Tomb:1
Tomb:2
Tomb:3
Depths:1: layout_cave_pools, special_room [special_room_mythical_zoo],
          hellmouth_1, elyvilon_altar_3
Depths:2: minmay_the_grid_net [minmay_the_grid_holed_spiral,
          minmay_the_grid_outer_circle, minmay_the_grid_spikes,
          minmay_the_grid_plusring, minmay_the_grid_empty,
          minmay_the_grid_prize_four_corners], layout_gridlike,
          minmay_tree_intersection, hell_entry, rand_demon_pan_entry_1,
          evilmike_spriggan_trog_shrine
Depths:3: minmay_bloctagon_deflated, layout_twisted_cross, hellmouth_3,
          lemuel_statue_altar, abyss_entry_crystal, minmay_shoptagon,
          infiniplex_staircase_pool_2, uniq_frederick
Depths:4: grunt_zot_entry_tricorne, layout_cave_pools, enter_ziggurat_c,
          hell_entry, minmay_crystal_room, hangedman_abyss_or_decor_passed
Hell
Dis:1:    layout_subdivisions
Dis:2:    nicolae_dis_hell_of_blades
Dis:3:    layout_regular_city, lemuel_mystery_crypt
Dis:4:    layout_subdivisions
Dis:5:    layout_subdivisions
Dis:6:    hangedman_dis_decor_blocks_talon, layout_jigsaw
Dis:7:    dis_st
Geh:1:    layout_gehenna_lava_caves, nicolae_hells_hurtin_island
Geh:2:    layout_gehenna_pools_triple, lemuel_flamethrower_2
Geh:3:    layout_gehenna_lava_caves
Geh:4:    layout_gehenna_lava_caves
Geh:6:    layout_gehenna_pools_triple
Geh:7:    geh_grunt_pentagon
Coc:1:    layout_cocytus_water_paths
Coc:2:    layout_cocytus_delve
Coc:3:    layout_ice_bergs
Coc:4:    layout_cocytus_delve
Coc:5:    nicolae_coc_three_mouths, layout_ice_bergs
Coc:6:    layout_cocytus_water_paths
Coc:7:    coc_grunt
Tar:1:    layout_grid_maze
Tar:2:    layout_catacombs
Tar:3:    layout_cathedral_of_symmetry
Tar:4:    layout_honeycomb
Tar:5:    layout_cathedral_of_symmetry
Tar:6:    layout_cathedral_of_symmetry
Tar:7:    tar_minmay_river
Zot:1:    layout_twisted_circle, uniq_tiamat
Zot:2:    layout_twisted_circle, gammafunk_ghost_arena
Zot:3:    layout_onion_interference, nicolae_transporter_circle,
          regret_index_zotdec_banners
Zot:4:    layout_concentric_octagons, regret_index_zotdec_serpentine_scales
Zot:5:    layout_misc_corridors, ebering_ghost_gozag, nicolae_zig_zag_zippers

Skill      XL: |  1  2  3  4  5  6  7  8  9 10 11 12 13 14 15 16 17 18 19 20 21 22 23 24 25 26 27 |
---------------+----------------------------------------------------------------------------------+-----
Fighting       | 3 4 5 6 7 9 10 11 12 13 14 15 16 17 18 19 27 | 27.0
Short Blades   | 3 4 5 6 7 9 10 13 14 23 | 23.8
Shields        | 3 5 7 8 9 10 11 12 13 14 15 16 17 20 27 | 27.0
Ranged Weapons | 2 4 5 6 7 8 10 11 12 13 14 15 18 | 18.0
Armour         | 2 3 4 6 7 8 9 10 11 12 13 14 15 16 27 | 27.0
Dodging        | 3 4 5 6 7 8 9 10 11 12 13 14 15 27 | 27.0
Evocations     | 2 4 5 6 7 9 10 22 | 22.6
Spellcasting   | 2 4 5 7 8 10 25 | 25.4
Throwing       | 2 6 |  6.0
Long Blades    | 6 7 11 | 11.0

Action                     |  1- 3 |  4- 6 |  7- 9 | 10-12 | 13-15 | 16-18 | 19-21 | 22-24 | 25-27 || total
---------------------------+-------+-------+-------+-------+-------+-------+-------+-------+-------++-------
  Melee: Short sword       |    72 |    30 |       |       |       |       |       |       |       ||   102
         Bite              |    25 |    28 |    59 |   178 |   622 |   905 |   683 |   652 |  9642 || 12794
         Dagger            |       |    74 |   143 |   441 |  1585 |  1680 |  1212 |   969 |   422 ||  6526
         Quick blade       |       |       |       |       |       |       |       |   132 | 16025 || 16157
         Cutlass           |       |       |       |       |       |       |       |       |    27 ||    27
   Fire: Sling             |       |       |       |       |       |    34 |       |       |       ||    34
         Hand cannon       |       |       |       |       |       |       |       |    51 |    30 ||    81
 Invoke: Serpent's Lash    |       |       |     2 |     5 |    14 |     9 |       |     5 |    75 ||   110
         Heavenly Storm    |       |       |       |       |     1 |     4 |     1 |     2 |    33 ||    41
Ability: Lunge             |       |     9 |    23 |    35 |    90 |   124 |   103 |   115 |  1227 ||  1726
         Whirlwind         |       |     5 |     6 |    64 |   474 |   294 |   256 |   270 |  2754 ||  4123
         Wall Jump         |       |       |       |     4 |    13 |     9 |     5 |     1 |    14 ||    46
  Evoke: Wand              |       |       |     2 |       |       |     1 |       |       |     5 ||     8
         Lightning rod     |       |       |       |       |       |       |       |       |     2 ||     2
         Tin of tremorston |       |       |       |       |       |       |       |       |     2 ||     2
    Use: Scroll            |       |    14 |     6 |    10 |     7 |     3 |     4 |    14 |    35 ||    93
         Potion            |       |       |     1 |     2 |       |       |     1 |     2 |    52 ||    58
   Stab: Distracted        |       |       |       |       |     1 |       |       |       |    10 ||    11
 Armour: Robe              |    33 |     1 |       |       |       |       |       |       |       ||    34
         Chain mail        |       |    64 |    30 |       |     8 |   336 |   222 |   235 |   754 ||  1649
         Swamp dragon scal |       |       |     9 |       |       |       |       |       |       ||     9
         Plate armour      |       |       |    32 |   228 |   401 |       |       |       |   200 ||   861
  Dodge: Dodged            |    46 |    27 |    24 |    43 |    89 |   352 |   308 |   286 |  1126 ||  2301
  Block: Kite shield       |       |       |       |   109 |   889 |  1166 |   558 |   475 |   152 ||  3349
         Reflection        |       |       |       |     1 |    31 |   105 |    67 |    96 |     8 ||   308
         Tower shield      |       |       |       |       |       |       |       |       |  4450 ||  4450
Riposte: Dagger            |       |       |       |       |       |   225 |   213 |   141 |   150 ||   729
         Quick blade       |       |       |       |       |       |       |       |    14 |  1407 ||  1421
         Cutlass           |       |       |       |       |       |       |       |       |     4 ||     4
